 Dungeon Crawl Stone Soup version 0.31-a0-1496-g79c7dd0eeb (webtiles) character file.

Game seed: 8727244110801159407

3013629 MackTheKnife the Conqueror (level 26, 314/314 HPs)
             Began as an Oni Cinder Acolyte on Dec 28, 2023.
             Was a High Priest of Jiyva.
             Escaped with the Orb
             ... and 4 runes
             ... and 4 gems on Dec 29, 2023!
             The game lasted 02:06:06 (56704 turns).

MackTheKnife the Conqueror (Oni Cinder Acolyte)    Turns: 56704, Time: 02:06:07

Health: 314/314    AC: 43    Str: 35    XL:     26   Next: 90%
Magic:  45/45      EV: 12    Int: 18    God:    Jiyva [*****.]
Gold:   142        SH: 38    Dex: 19    Spells: 32/41 levels left

rFire   + + +        a - +7 broad axe (heavy) {axe}
rCold   + . .        C - +3 tower shield
rNeg    + . .        x - +9 gold dragon scales of Noufuep {rPois rF+ rC+ Int+3, rare}
rPois   +            w - +3 hat of Pondering {ponderous, Will+ MP+10 Int+5}
rElec   +            t - +2 cloak of Ethics {+Blink Fly Str+7 Int-5}
rCorr   +            (gloves unavailable)
SInv    .            (boots unavailable)
Will    ++++.        R - amulet "Caveyf" {Reflect Str+3 Dex+3 SH+5} Stlth
                     n - ring "Kusiepie" {rF+ rN+ AC+4 Dex+2}
HPRegen 2.16/turn    B - ring of Tuteu {*Slow rElec rPois Will+ Dex+2}
MPRegen 1.01/turn

%: slow self (1%), reflection
@: flying, slow
A: large, unfitting armour, horns 1, tough skin 1, double potion healing,
drunken brawling, talons 1, large bone plates 3, fire resistance 1, sense
surroundings 2, acidic bite, eyeballs 1, gelatinous body 1, translucent skin 3,
jelly absorbing missiles
0: Orb of Zot
}: 4/15 runes: barnacled, slimy, silver, gossamer
a: Renounce Religion, Evoke Blink, Oozemancy, Slimify


You escaped.
You worshipped Jiyva.
Jiyva was extremely pleased with you.
You visited 11 branches of the dungeon, and saw 55 of its levels.
You also visited: Bailey, Wizlab and Desolation.

You collected 5457 gold pieces.
You spent 5315 gold pieces at shops.


Innate Abilities, Weirdness & Mutations

You are too large for most types of armour.
You have a pair of small horns on your head.
You have tough skin. (AC +1)
You gain doubled healing and magic from potions.
Whenever you drink a healing potion, you attack all around you.
You have sharp toenails.
You are completely covered in large bone plates. (SH +8)
Your flesh is heat resistant. (rF+)
You passively map the area around you.
You have acidic saliva.
Your body has grown eyes which may confuse attackers. (Acc +3)
Your rubbery body absorbs attacks. (AC +1, EV +1)
Your transparent skin significantly reduces your foes' accuracy. (Stealth+)
You have a small jelly attached to you that may absorb projectiles.


   Skills:
 O Level 27 Fighting
 + Level 19.4(21.5) Axes
 - Level 16.0(19.9) Maces & Flails
 - Level 18.0 Armour
 - Level 12.0 Dodging
 - Level 18.0 Shields
 - Level 8.0 Spellcasting
 - Level 4.0 Conjurations
 - Level 8.0 Necromancy
 - Level 3.2 Fire Magic
 - Level 4.0 Air Magic
 - Level 4.0 Alchemy
 - Level 8.0 Evocations


You had 32 spell levels left.
You knew the following spells:

 Your Spells              Type           Power      Damage    Failure   Level
a - Scorch                Fire           36%        2d6       50%         2
b - Mephitic Cloud        Conj/Alch/Air  21%        N/A       61%         3
c - Animate Dead          Necr           36%        N/A       45%         4

Your spell library contained the following spells:

 Spells                   Type           Power      Damage    Failure   Level
 Necrotise                Necr           100%       1d9       4%          1
 Kiss of Death            Conj/Necr      100%       2d13      12%         1
 Vampiric Draining        Necr           36%        2d8       16%         3
 Mercury Vapours          Alch/Air       42%        N/A       36%         2
 Searing Ray              Conj           42%        2d6       36%         2
 Static Discharge         Conj/Air       42%        3-5/arc   36%         2
 Sandblast                Erth           14%        2d6       80%         1
 Slow                     Hex            28%        N/A       80%         1
 Curse of Agony           Necr           36%        N/A       80%         5
 Dazzling Flash           Conj/Hex       28%        N/A       87%         3
 Inner Flame              Hex/Fire       12%        N/A       91%         3
 Volatile Blastmotes      Fire/Tloc      24%        2d12      91%         3
 Fulminant Prism          Conj/Alch      10%        3d9       95%         4
 Martyr's Knell           Necr/Summ      21%        N/A       95%         4
 Flame Wave               Conj/Fire      20%        2d7       97%         4
 Ignite Poison            Fire/Alch      20%        N/A       97%         4
 Sticky Flame             Fire/Alch      20%        2d6       97%         4
 Confusing Touch          Hex            7%         N/A       99%         3
 Gell's Gravitas          Tloc           7%         N/A       99%         3
 Sigil of Binding         Hex            7%         N/A       99%         3
 Summon Ice Beast         Ice/Summ       7%         N/A       99%         3
 Teleport Other           Tloc           7%         N/A       99%         3
 Iskenderun's Mystic Bla  Conj/Tloc      14%        2d5       99%         4
 Summon Blazeheart Golem  Fire/Summ      12%        N/A       100%        4
 Borgnjor's Vile Clutch   Necr/Erth      10%        N/A       100%        5
 Fireball                 Conj/Fire      10%        3d6       100%        5
 Iskenderun's Battlesphe  Conj           21%        2d7       100%        5
 Silence                  Hex/Air        7%         N/A       100%        5
 Summon Forest            Summ/Tloc      3%         N/A       100%        5
 Summon Mana Viper        Hex/Summ       7%         N/A       100%        5
 Bombard                  Conj/Erth      7%         9d2       100%        6
 Dispersal                Tloc           3%         N/A       100%        6
 Eringya's Noxious Bog    Alch           10%        4d6       100%        6
 Plasma Beam              Fire/Air       10%        2x1d21    100%        6
 Sculpt Simulacrum        Ice/Alch       7%         N/A       100%        6
 Starburst                Conj/Fire      10%        6d5       100%        6
 Summon Cactus Giant      Summ           3%         N/A       100%        6
 Monstrous Menagerie      Summ           3%         N/A       100%        7
 Orb of Destruction       Conj           10%        9d6       100%        7
 Ozocubu's Refrigeration  Ice            3%         4d8       100%        7
 Spellforged Servitor     Conj/Summ      7%         N/A       100%        7
 Summon Hydra             Summ           3%         N/A       100%        7
 Ignition                 Fire           9%         3d5       100%        8
 Lehudib's Crystal Spear  Conj/Erth      7%         10d3      100%        8
 Chain Lightning          Conj/Air       10%        3d14      100%        9
 Polar Vortex             Ice            3%         N/A       100%        9

Inventory:

Hand Weapons
 a - a +7 heavy broad axe (weapon) {axe}
   (You found it on level 5 of the Lair of Beasts)
 v - the +0 short sword "Ygergh Fofocy" {freeze, rPois Will- Str+5, short}
   (You found it on level 5 of the Vaults)

   Str+5:     It affects your strength (+5).
   rPois:     It protects you from poison Will-: It decreases your willpower.
Armour
 t - the +2 cloak of Ethics (worn) {+Blink Fly Str+7 Int-5}
   (You found it on level 4 of the Vaults)

   Str+7:     It affects your strength (+7).
   Int-5:     It affects your intelligence (-5).
   Fly:       It grants you flight.
   +Blink:    It lets you blink.
 w - the +3 hat of Pondering (worn) {ponderous, Will+ MP+10 Int+5}
   (You took it off Gastronok on level 3 of the Lair of Beasts)

   Int+5:     It affects your intelligence (+5).
   Will+:     It increases your willpower.
   MP+10:     It affects your magic capacity (+10).
 x - the +9 gold dragon scales of Noufuep (worn) {rPois rF+ rC+ Int+3, rare}
   (You bought it in a shop on level 1 of the Elven Halls)

   Int+3:     It affects your intelligence (+3).
   rF+:       It protects you from fire.
   rC+:       It protects you from cold.
   rPois:     It protects you from poison
 C - a +3 tower shield (worn)
   (You took it off Louise on level 1 of the Elven Halls)
Jewellery
 n - the ring "Kusiepie" (left hand) {rF+ rN+ AC+4 Dex+2}
   (You found it in the Desolation of Salt)

   [ring of protection]

   AC+4:      It affects your AC (+4).
   Dex+2:     It affects your dexterity (+2).
   rF+:       It protects you from fire.
   rN+:       It protects you from negative energy.
 u - a ring of see invisible
   (You found it in a bailey)
 B - the ring of Tuteu (right hand) {*Slow rElec rPois Will+ Dex+2}
   (You took it off a deep elf annihilator on level 3 of the Elven Halls)

   [ring of poison resistance]

   Dex+2:     It affects your dexterity (+2).
   rElec:     It insulates you from electricity.
   rPois:     It protects you from poison Will+: It increases your willpower.
   *Slow:     It may slow you when you take damage.
 R - the amulet "Caveyf" (around neck) {Reflect Str+3 Dex+3 SH+5}
   (You found it in the Desolation of Salt)

   [amulet of reflection]

   Reflect:   It reflects blocked missile attacks.
   Str+3:     It affects your strength (+3).
   Dex+3:     It affects your dexterity (+3).
   SH+5:      It affects your SH (+5).
 V - the ring "Retykhe" {Will+ Slay+4 Stlth+}
   (You bought it in a shop on level 2 of the Orcish Mines)

   [ring of slaying]

   Slay+4:    It affects your accuracy & damage with ranged weapons and melee
   (+4).
   Will+:     It increases your willpower.
   Stlth+:    It makes you more stealthy.
Wands
 i - a wand of charming (5)
   (You found it on level 8 of the Dungeon)
 j - a wand of iceblast (10)
   (You found it on level 5 of the Dungeon)
 E - a wand of flame (45)
   (You took it off Maurice on level 7 of the Dungeon)
 O - a wand of digging (15)
   (You found it on level 5 of the Lair of Beasts)
Scrolls
 d - 5 scrolls of fear
 k - 5 scrolls of blinking {!r}
 p - a scroll of poison {!r}
 r - 2 scrolls of teleportation {@r4}
 F - 4 scrolls of immolation {!r!r}
 I - 12 scrolls of identify {@r1}
 K - a scroll of brand weapon
 M - 3 scrolls of fog
 X - 2 scrolls of torment {!r}
Potions
 b - 3 potions of heal wounds {@q2}
 g - 2 potions of magic
 l - 4 potions of enlightenment
 o - 3 potions of haste {@q3}
 q - 5 potions of curing {@q1}
 s - 5 potions of mutation {!q}
 A - a potion of cancellation
 L - 2 potions of brilliance
 Q - 3 potions of resistance
 S - a potion of berserk rage {!q}
Miscellaneous
 c - a tin of tremorstones (2/2) {throwing}
   (You found it on level 5 of the Vaults)
 m - a sack of spiders
   (You found it on level 2 of the Lair of Beasts)
 P - a lightning rod (4/4)
   (You found it on level 5 of the Lair of Beasts)
 T - a phantom mirror
   (You found it on level 12 of the Dungeon)

Dungeon Overview and Level Annotations

Branches:
Dungeon (15/15)            Temple (0/1) D:7            Lair (5/5) D:9
 Shoals (4/4) Lair:3       Spider (4/4) Lair:3        Slime (5/5) Lair:5
    Orc (2/2) D:11            Elf (3/3) Orc:2        Vaults (5/5) D:14
  Crypt (3/3) Vaults:3     Depths (4/4) D:15            Zot (5/5) Depths:4
 Bailey (visited)          WizLab (visited)         Desolation (visited)
   Tomb: Crypt:3

Altars:
Dithmenos
Fedhas
Kikubaaqudgha
Makhleb
Nemelex Xobeh
Okawaru
Sif Muna
Trog
Vehumet
Xom
Yredelemnul
The Shining One
Jiyva

Shops:
D:7 *   D:9 *[[(   Orc:2 =([*   Elf:1 =(([   Elf:3 !   Vaults:3 *   Depths:1 ([
Depths:3 [=::

Portals:
Hell: Depths:1
Abyss: Depths:1 Depths:3
Pandemonium: Depths:1 Depths:2
Ziggurat: Depths:4

Annotations:
D:10 1 exclusion
D:12 3 runed translucent doors
Lair:5 3 runed translucent doors
Shoals:4 Nikola
Spider:1 2 transporters, exclusion: orange crystal statue
Slime:5 Royal Jelly
Vaults:1 Plog's ghost, adept AtMo
Depths:1 1 runed translucent door, exclusions: 3 hell hogs and 3 more exclusions, Mafape's ghost, veteran OnGl

#########.##.###.##
#.##..##..# ######
######'###'###'###.....
#...#...#...#...##.####
#...'.⌠.'...+...##.####
#...#...#...#...##.#...
##'#######'###'###.#.#.
#...#...#...#...##.#.#.
#...#.@.'.⌠.#...##.#.#.
#...#...#...#...##.#.#.
##'###+#######'###.#.#.
#...#...#...#...##.....
#...#...'.⌠.'...####.##
#...#...#...#...# #.#
##############'## #.#
#...#...#...#...# #.#
#...'...'...'...# #.#


There were no monsters in sight!


Message History

You slash the orange demon!
You kill the orange demon!
You block the orange demon's attack.
You feel your willpower return. You block the orange demon's attack.
The orange demon hits you but does no damage.
You block the orange demon's attack. x2
You slice the orange demon!! You claw the orange demon!
Your headbutt misses the orange demon. You block the orange demon's attack. x2
You chop the orange demon into pieces!!!
You kill the orange demon!
There is a stone staircase leading up here.
You fly upwards.
Level annotation: 3 runed translucent doors
There is a stone staircase leading down here.
You hear a distant slurping noise.
You hear a distant slurping noise.
You hear a squelching noise.
You hear a distant slurping noise.
There is a stone staircase leading up here.
You hear a distant slurping noise.
You fly upwards.
An Orb Guardian comes into view.
There is a stone staircase leading down here.
Unknown command.
You slash the Orb Guardian!
You claw the Orb Guardian, but do no damage.
You headbutt the Orb Guardian, but do no damage.
You block the Orb Guardian's attack. x2
You carve the Orb Guardian like a ham!!!
Your kick misses the Orb Guardian. You headbutt the Orb Guardian.
You block the Orb Guardian's attack.
You closely miss the Orb Guardian. Your kick misses the Orb Guardian.
Your headbutt misses the Orb Guardian. You bite the Orb Guardian.
The acid corrodes the Orb Guardian!
You block the Orb Guardian's attack.
You cut the Orb Guardian into ribbons!!!!
You kill the Orb Guardian!
No target in view!
There is a stone staircase leading down here.
There is a stone staircase leading up here.
You fly upwards.
Level annotation: 1 exclusion
There is a stone staircase leading down here.
Jiyva says: Divide and consume!
There is a stone staircase leading up here.
You fly upwards.
There is a stone staircase leading down here.
There is an open door here.
There is a stone staircase leading up here.
You fly upwards.
There is a stone staircase leading down here.
There is a stone staircase leading up here.
You fly upwards.
There is a stone staircase leading down here.
There is an open door here.
There is a stone staircase leading up, spattered with blood here.
You fly upwards.
There is a stone staircase leading down here.
A soul eater comes into view.
You block the soul eater's attack.
You closely miss the soul eater.
You bite the soul eater, but do no damage.
You block the soul eater's attack.
You slice the soul eater!! You claw the soul eater.
Your headbutt misses the soul eater.
You bite the soul eater, but do no damage.
You block the soul eater's attack. x2
You closely miss the soul eater.
You claw the soul eater, but do no damage.
Your headbutt misses the soul eater. Your bite misses the soul eater.
You block the soul eater's attack.
You carve the soul eater like a ham!!!
You kill the soul eater! 2 sun demons come into view.
A sun demon comes into view.
The sun demon shouts! x2
There is a stone staircase leading up here.
You hear a series of splatters.
You fly upwards.
There is a stone staircase leading down here.
There is a stone staircase leading up here.
You fly upwards.
There is a stone staircase leading down here.
There is a stone staircase leading up here.
You fly upwards.
There is a stone staircase leading down here.
You see here a stone {throwing}.
There is a stone staircase leading up here.
You fly upwards.
There is a stone staircase leading down here.
There is a stone staircase leading up here.
You fly upwards.
There is a stone staircase leading down here.
There is an open door here.
There is an open door, spattered with blood here.
There is an open door here.
There is an open door here.
There is an open door here.
There is a staircase leading out of the dungeon here.
No target in view!
You have escaped!

Skill      XL: |  1  2  3  4  5  6  7  8  9 10 11 12 13 14 15 16 17 18 19 20 21 22 23 24 25 26 |
---------------+-------------------------------------------------------------------------------+-----
Fighting       | 5 6 8 9 12 14 18 20 24 27 | 27.0
Fire Magic     | 3 |  3.2
Maces & Flails | 4 9 12 13 14 15 16 | 16.0
Dodging        | 3 8 12 | 12.0
Evocations     | 6 8 |  8.0
Armour         | 3 4 7 10 11 16 18 | 18.0
Alchemy        | 3 4 |  4.0
Conjurations   | 3 4 |  4.0
Air Magic      | 3 4 |  4.0
Spellcasting   | 5 6 8 |  8.0
Shields        | 8 13 15 17 18 | 18.0
Necromancy     | 4 8 |  8.0
Axes           | 9 14 15 19 | 19.4

Action                     |  1- 3 |  4- 6 |  7- 9 | 10-12 | 13-15 | 16-18 | 19-21 | 22-24 | 25-27 || total
---------------------------+-------+-------+-------+-------+-------+-------+-------+-------+-------++-------
  Melee: Mace              |    63 |    44 |   104 |   173 |       |       |       |       |       ||   384
         Headbutt          |     5 |    11 |    19 |    81 |   246 |   405 |   417 |   159 |   190 ||  1533
         Kick              |       |       |     1 |   123 |   324 |   274 |   671 |   258 |   298 ||  1949
         Morningstar       |       |       |       |   212 |   927 |   782 |    16 |       |       ||  1937
         Punch             |       |       |       |     6 |     8 |     5 |       |       |       ||    19
         Pseudopods        |       |       |       |       |    92 |    35 |     2 |    64 |       ||   193
         Demon whip        |       |       |       |       |       |   527 |  1350 |   154 |       ||  2031
         Broad axe         |       |       |       |       |       |       |       |   374 |   640 ||  1014
         Bite              |       |       |       |       |       |       |       |       |    39 ||    39
  Throw: Dart              |       |     2 |    31 |    35 |    21 |     1 |       |       |       ||    90
         Boomerang         |       |     2 |     2 |       |       |       |       |       |       ||     4
   Cast: Scorch            |    21 |    28 |   126 |   168 |    72 |       |       |     1 |       ||   416
         Mephitic Cloud    |       |       |       |       |     5 |     8 |     2 |       |       ||    15
         Animate Dead      |       |       |       |       |       |       |       |     5 |       ||     5
 Invoke: Fiery Armour      |       |     1 |     1 |       |       |       |       |       |       ||     2
         Rising Flame      |       |       |     1 |       |       |       |       |       |       ||     1
         Oozemancy         |       |       |       |       |       |     4 |       |     5 |     5 ||    14
  Evoke: Wand              |       |       |    11 |     8 |    16 |    20 |    10 |     5 |     1 ||    71
         Sack of spiders   |       |       |       |     1 |     3 |     3 |     4 |     1 |       ||    12
         Lightning rod     |       |       |       |       |     4 |    14 |     8 |     6 |       ||    32
         Phantom mirror    |       |       |       |       |       |     4 |     4 |     2 |       ||    10
    Use: Scroll            |       |     3 |     8 |    13 |     5 |     5 |     6 |    14 |     8 ||    62
         Potion            |       |     1 |     6 |     2 |     1 |     4 |     3 |    15 |     5 ||    37
   Stab: Held in net/web   |       |       |       |     1 |     1 |       |       |       |       ||     2
         Confused          |       |       |       |       |     2 |     9 |    11 |    24 |    39 ||    85
         Sleeping          |       |       |       |       |     1 |     3 |     2 |       |       ||     6
         Distracted        |       |       |       |       |       |     1 |     7 |     1 |       ||     9
         Invisible         |       |       |       |       |       |     2 |       |       |       ||     2
 Armour: Robe              |    40 |    33 |   263 |   111 |       |       |       |       |       ||   447
         Acid dragon scale |       |       |       |   186 |   626 |   835 |   634 |   477 |    14 ||  2772
         Fire dragon scale |       |       |       |       |       |    12 |       |       |       ||    12
         Gold dragon scale |       |       |       |       |       |       |       |       |   540 ||   540
  Dodge: Dodged            |    25 |    24 |   152 |   252 |   644 |   661 |   380 |   273 |   224 ||  2635
  Block: Kite shield       |       |       |       |       |       |   711 |   685 |   562 |    41 ||  1999
         Reflection        |       |       |       |       |       |       |    24 |    23 |    24 ||    71
         Tower shield      |       |       |       |       |       |       |       |       |  1164 ||  1164

Levels and vault maps discovered:
D:1:      co_arrival_random_square_maze, layout_basic, basic_ecumenical_altar,
          hangedman_abyss_or_decor_stabs
D:2:      layout_basic, hangedman_abyss_or_decor_lesser_grid, uniq_jessica
D:3:      layout_basic, minivault_24
D:4:      layout_gridville
D:5:      layout_cave_pools, mainiacjoe_overflow_brackets,
          chequers_temple_overflow_minitemple
D:6:      layout_loops_ring, okawaru_gym_becter
D:7:      nicolae_BIG_FREAKIN_CUBE, layout_basic, marbit_many_paths,
          temple_hall, serial_shops, shop, uniq_maurice, uniq_prince_ribbit1
D:8:      layout_loops_ring, lemuel_doored_altar, uniq_psyche
D:9:      layout_roguey, david_lair_shrubbed, lightli_bailey_entry_fortress,
          nicolae_shop_national_dungeon_mall, chequers_serial_rivers_micro_d,
          chequers_serial_rivers_micro_c
D:10:     layout_big_octagon, demons_altar
D:11:     layout_layer_cave, david_orc_2, roadster_trireme, uniq_lodul,
          uniq_erolcha
D:12:     minmay_the_grid_triangle_9x9_line_8_mashed
          [minmay_the_grid_triangle_9x9_wacky_v,
          minmay_the_grid_triangle_9x9_sparse_checkered,
          minmay_the_grid_triangle_9x9_stretched_checkered,
          minmay_the_grid_triangle_9x9_pentomino_pain,
          minmay_the_grid_triangle_9x9_cache,
          minmay_the_grid_triangle_9x9_fully_insulated_deathbox,
          minmay_the_grid_triangle_9x9_alien,
          minmay_the_grid_triangle_9x9_prize_top_heavy], layout_loops_corners,
          serial_bayou_lagoon_a
D:13:     layout_basic
D:14:     layout_irregular_city, hellmonk_vaults_attempted_burglary,
          minmay_staircase_bubble, serial_library_hellmonk_filled_rooms
D:15:     gammafunk_depths_entry_grave, layout_irregular_city,
          nicolae_concentric_dashed_squares_wild, uniq_josephine
Lair:1:   layout_regular_city, evilmike_ambush [evilmike_ambush_outer_basic,
          evilmike_ambush_inner_pond], serial_bayou_shore_a
Lair:2:   layout_layer_cave, beast_lair_carwin_2, serial_bayou_shore_b,
          infiniplex_staircase_pool, serial_bayou_shore_b, lemuel_fruit_fields
Lair:3:   layout_loops_ring, nicolae_shoals_entry_flooding,
          nicolae_spider_entry_orb_guardian, grunt_forest_small_clearing_treed,
          uniq_nergalle, uniq_gastronok
Lair:4:   layout_small_grid, uniq_snorg, uniq_sonja
Lair:5:   hangedman_lair_in_review, layout_regular_city,
          nicolae_slime_entry_slimehenge, gammafunk_ghost_ooze
Shoals:1: layout_shoals, uniq_donald
Shoals:2: layout_shoals, uniq_jorgrun
Shoals:3: layout_shoals, uniq_mara
Shoals:4: shoals_end_grunt_ice, layout_shoals,
          nicolae_shoals_kraken_intersection, uniq_mlioglotl, uniq_nikola
Spider:1: gammafunk_sealed_arena, drop_trap, nicolae_spider_moth_buddies,
          uniq_asterion, uniq_aizul, uniq_rupert
Spider:2: nicolae_orb_stairs_large, hellmonk_narrow_tunnel
Spider:3: layout_spider_delve, uniq_arachne
Spider:4: grunt_spider_rune_circles, portal_ice_cave_entry_pillars_2,
          nicolae_spider_orb_run
Slime:1:  layout_caves
Slime:2:  layout_caves
Slime:3:  layout_caves, special_room [special_room_jelly]
Slime:4:  layout_caves
Slime:5:  slime_pit_nicolae_royal_road_to_ruin
Orc:1:    layout_diamond_mine, serial_shops, nicolae_orc_crystal_geode
Orc:2:    grunt_orc_gardens, layout_caves, grunt_orc_garden, grunt_orc_garden,
          grunt_orc_garden, grunt_orc_garden, guppyfry_library_mini, uniq_urug
Elf:1:    minmay_elf_arrival_plus, layout_gridlike, minmay_elf_sorcery,
          minmay_shoptagon, uniq_louise
Elf:2:    nicolae_elf_blades_crystal_corner, layout_onion_city,
          portal_desolation_entry_garden, hellmonk_sif_muna_bookshelves
Elf:3:    nooodl_elf_gasket, layout_geoelf_grid, serial_shops,
          nicolae_shop_just_a_little_nook, nicolae_elf_martial_mastery,
          uniq_zenata
Vaults:1: hellmonk_ghost_big_iron, nicolae_vaults_tetromino_Z_1,
          nicolae_vaults_heart-shaped_vault, v_misc_26, minmay_orc_keep,
          vaults_room_glass_cross, nicolae_vaults_surprise_closet,
          ontoclasm_vaults_decontamination, layout_vaults_quadrants
Vaults:2: nicolae_vaults_heart-shaped_vault, nicolae_vaults_disjoint_gnomons,
          nicolae_vaults_little_ls, vaults_mumra_bighexcomb, v_alt_pattern_4,
          nicolae_vaults_twisting_passages, vaults_mumra_lcd,
          hangedman_vaults_river_flow, vaults_room_hallway,
          nicolae_vaults_closet_pinwheel_3, vaults_mumra_minichess,
          nicolae_vaults_circle_grid_a, nicolae_vaults_trapezoid_1,
          nicolae_vaults_tetromino_Z_2, layout_vaults_maze_snakey, uniq_mennas
Vaults:3: nicolae_vaults_tetromino_T_1, minmay_crypt_entry_necro_gods,
          vaults_room_grunt_arrival_checkpoint, nicolae_vaults_trapezoid_3,
          v_misc_11, nicolae_vaults_little_squares_1, vaults_mumra_chevron,
          nicolae_vaults_heart-shaped_vault, vaults_room_corners, serial_ice_h,
          nicolae_vaults_closet_pinwheel_4, nicolae_vaults_more_shelving_1,
          nicolae_vaults_oozy_zoo, layout_vaults_big_room, serial_shops,
          nicolae_shop_pleasant_corner_grove, uniq_frederick
Vaults:4: gammafunk_ghost_tricky_traps, nicolae_vaults_cochlea,
          vaults_dpeg_hooks, nicolae_vaults_network_square,
          nicolae_vaults_offset_grid_hallway_3, v_rooms_6,
          nicolae_vaults_triangles, nicolae_vaults_tetromino_T_1,
          nicolae_vaults_ninety_degrees, nicolae_vaults_storage_closets_1,
          nicolae_vaults_sesquioval_fish, nicolae_vaults_quartermaster,
          nicolae_vaults_house_2, layout_vaults_ring
Vaults:5: serial_shops, uniq_bai_suzhen
Crypt:1:  layout_basic
Crypt:2:  layout_basic, roderic_lattice_octagonal_star, grunt_megastairs_1,
          uniq_boris
Crypt:3:  church_of_pain_bobbens, layout_chaotic_city, tomb_entry_shell_bobbens
Depths:1: layout_gridlike, pan_entry, hangedman_abyss_entry_splay, hellmouth_3,
          gammafunk_ghost_grave, mu_enter_wizlab_1,
          chequers_serial_rivers_small_a, nicolae_dithmenos_the_darkroom,
          minmay_shop_star
Depths:2: gold_lair_mu, layout_gridlike, hangedman_tar_grid_catacomb,
          rand_demon_pan_entry_3, eino_tiny_chamber, uniq_grunn
Depths:3: nicolae_legendary_halls, layout_cave_pools, abyss_entry,
          grunt_hell_entry_dis_grunt, grunt_pan_entry_spiral, serial_shops,
          shop, infiniplex_staircase_zigzag_4, minmay_shop_grove
Depths:4: grunt_x_marks_the_spot, layout_cave_shapes, enter_ziggurat_a,
          hell_entry, nicolae_hepliaklqana_hazy_memory,
          chequers_serial_rivers_small_b
Zot:1:    kennysheep_blocky_room, layout_concentric_octagons
Zot:2:    layout_gridlike, grunt_megastairs_4, lemuel_elevator
Zot:3:    layout_concentric_octagons, regret_index_zotdec_banners
Zot:4:    layout_misc_corridors, skrybe_zot_glass_3
Zot:5:    layout_gridlike, skrybe_zot_glass_2

Notes
Turn   | Place    | Note
-------+----------+-------------------------------------------
     0 | D:1      | MackTheKnife the Oni Cinder Acolyte began the quest for the
                  | Orb.
     0 | D:1      | Reached XP level 1. HP: 24/24 MP: 2/2
     0 | D:1      | magus.rc [v1.9.6]
    26 | D:1      | Found a faded altar of an unknown god.
   169 | D:1      | Reached XP level 2. HP: 33/33 MP: 3/3
   173 | D:1      | Learned a level 2 spell: Scorch
   361 | D:1      | Reached skill level 5 in Fighting
   689 | D:1      | Reached XP level 3. HP: 36/42 MP: 1/4
  1568 | D:2      | You pick up a book of Necromancy and begin reading...
  1568 | D:2      | You add the spells Necrotise, Vampiric Draining, Martyr's
                  | Knell and Curse of Agony to your library.
  1801 | D:2      | Noticed Jessica
  1805 | D:2      | Killed Jessica
  1806 | D:2      | Reached skill level 6 in Fighting
  1806 | D:2      | Reached skill level 3 in Fire Magic
  1806 | D:2      | Reached XP level 4. HP: 52/52 MP: 0/5
  2939 | D:3      | Reached XP level 5. HP: 61/61 MP: 1/6
  2995 | D:3      | Reached skill level 7 in Fighting
  3480 | D:3      | You fall into a shaft and drop 3 floors!
  3523 | D:6      | Reached skill level 8 in Fighting
  3523 | D:6      | Reached XP level 6. HP: 56/72 MP: 2/7
  3673 | D:6      | Reached skill level 9 in Fighting
  3685 | D:6      | Reached XP level 7. HP: 63/83 MP: 2/8
  3802 | D:6      | Reached skill level 10 in Fighting
  3843 | D:5      | Entered Level 5 of the Dungeon
  3997 | D:5      | Reached skill level 11 in Fighting
  4131 | D:5      | Found a radiant altar of Vehumet.
  4134 | D:5      | Noticed a hornet
  4140 | D:5      | Killed a hornet
  4141 | D:5      | Reached skill level 12 in Fighting
  4141 | D:5      | Reached XP level 8. HP: 85/98 MP: 2/9
  4877 | D:4      | Reached skill level 13 in Fighting
  4937 | D:4      | You add the spells Gell's Gravitas, Teleport Other and
                  | Dispersal to your library.
  6069 | D:5      | Found a shimmering altar of Xom.
  6069 | D:5      | Found a blossoming altar of Fedhas.
  6076 | D:5      | Found a sparkling altar of Nemelex Xobeh.
  6078 | D:5      | Found a faded altar of an unknown god.
  6080 | D:5      | Found a faded altar of an unknown god.
  6208 | D:6      | Reached skill level 14 in Fighting
  6209 | D:6      | HP: 26/105 [white imp (4)]
  6723 | D:6      | Reached skill level 4 in Maces & Flails
  6929 | D:6      | Reached XP level 9. HP: 110/113 MP: 1/10
  7001 | D:6      | Found an iron altar of Okawaru.
  7256 | D:6      | magus.rc [v1.9.6]
  7282 | D:7      | Noticed Maurice
  7287 | D:7      | Maurice stole a ring of flight
  7294 | D:7      | Killed Maurice
  7295 | D:7      | Reached skill level 6 in Maces & Flails
  7656 | D:7      | Reached skill level 7 in Maces & Flails
  7993 | D:7      | Reached skill level 8 in Maces & Flails
  8629 | D:6      | HP: 28/113 [vampire (8)]
  8631 | D:6      | Gained mutation: You are agile. (Dex +4, Str/Int -1)
                  | [potion of mutation]
  8631 | D:6      | Gained mutation: You are covered in fur. (AC +1) [potion of
                  | mutation]
  8631 | D:6      | Gained mutation: You have large cloven feet. [potion of
                  | mutation]
  8631 | D:6      | Gained mutation: You have a pair of horns on your head.
                  | [potion of mutation]
  8636 | D:6      | HP: 26/113 [vampire (8)]
  8936 | D:7      | Noticed a hornet
  8936 | D:7      | Noticed Prince Ribbit
  8947 | D:7      | Killed Prince Ribbit
  8948 | D:7      | Reached skill level 9 in Maces & Flails
  8949 | D:7      | Killed a hornet
  8950 | D:7      | Reached XP level 10. HP: 83/122 MP: 11/11
  9051 | D:7      | Found a shadowy altar of Dithmenos.
  9177 | D:7      | Found Jath's Assorted Antiques.
  9220 | D:7      | Bought a scroll labelled ETZUVI WOMOGO for 24 gold pieces
  9220 | D:7      | Bought a potion of might for 96 gold pieces
  9220 | D:7      | Bought a potion of curing for 72 gold pieces
  9486 | D:7      | Found a staircase to the Ecumenical Temple.
  9597 | D:8      | Reached skill level 10 in Maces & Flails
  9675 | D:8      | Noticed a two-headed ogre
  9691 | D:8      | Killed a two-headed ogre
  9695 | D:8      | Reached skill level 11 in Maces & Flails
  9845 | D:8      | Found a bloodstained altar of Trog.
 10220 | D:8      | Noticed Psyche
 10227 | D:8      | Killed Psyche
 10592 | D:9      | Reached skill level 12 in Maces & Flails
 10702 | D:9      | Found a flagged portal.
 10788 | Bailey   | Entered a bailey
 10808 | Bailey   | Reached skill level 1 in Dodging
 10818 | Bailey   | Reached skill level 2 in Dodging
 10959 | Bailey   | Reached skill level 3 in Dodging
 11010 | Bailey   | Reached XP level 11. HP: 125/130 MP: 12/12
 11035 | Bailey   | Reached skill level 4 in Dodging
 11112 | Bailey   | Noticed a vault guard
 11128 | Bailey   | Killed a vault guard
 11129 | Bailey   | Reached skill level 5 in Dodging
 11172 | Bailey   | Noticed a vault guard
 11208 | Bailey   | Killed a vault guard
 11209 | Bailey   | Reached skill level 6 in Dodging
 11975 | D:9      | Found Umoraon's Armour Emporium.
 11978 | D:9      | Found Haluebil's Assorted Antiques.
 11978 | D:9      | Found Tajegi's Weapon Shoppe.
 11978 | D:9      | Found Coh Qiog's Armour Emporium.
 12159 | D:9      | Reached skill level 7 in Dodging
 12349 | D:9      | Found a staircase to the Lair.
 12685 | D:9      | You pick up a book of the Senses and begin reading...
 12685 | D:9      | You add the spells Dazzling Flash, Mephitic Cloud and
                  | Silence to your library.
 12763 | D:10     | Entered Level 10 of the Dungeon
 13387 | D:10     | Noticed a two-headed ogre
 13413 | D:10     | Killed a two-headed ogre
 13414 | D:10     | Reached skill level 8 in Dodging
 13702 | D:10     | Found a burning altar of Makhleb.
 13891 | D:9      | Bought a +3 morningstar of holy wrath for 314 gold pieces
 13896 | D:9      | Identified a scroll of acquirement
 13896 | D:9      | Acquired 955 gold pieces
 14038 | Lair:1   | Entered Level 1 of the Lair of Beasts
 14052 | D:9      | Reached skill level 13 in Maces & Flails
 14257 | Lair:1   | Reached XP level 12. HP: 139/139 MP: 8/13
 14906 | Lair:1   | Reached skill level 14 in Maces & Flails
 15098 | Lair:1   | Reached skill level 1 in Evocations
 15188 | Lair:1   | Reached skill level 2 in Evocations
 15252 | Lair:1   | Reached skill level 3 in Evocations
 15533 | Lair:1   | Reached skill level 4 in Evocations
 15966 | Lair:2   | Reached skill level 5 in Evocations
 16121 | Lair:2   | Reached skill level 6 in Evocations
 16129 | Lair:2   | Reached skill level 1 in Armour
 16541 | Lair:2   | Reached skill level 2 in Armour
 17636 | Lair:3   | Reached skill level 3 in Armour
 17752 | Lair:3   | Noticed Nergalle
 17785 | Lair:3   | Killed Nergalle
 17786 | Lair:3   | Reached XP level 13. HP: 42/136 MP: 14/14
 18027 | Lair:3   | Reached skill level 15 in Fighting
 18144 | Lair:3   | Noticed Gastronok
 18144 | Lair:3   | Gastronok the Ponderous comes into view. He is wearing the
                  | +3 hat of Pondering {ponderous, Will+ MP+10 Int+5}.
 18191 | Lair:3   | Aim: Gastronok, wearing the +3 hat of Pondering {ponderous,
                  | Will+ MP+10 Int+5} (94% to hit)
 18191 | Lair:3   | Aim: Gastronok, wearing the +3 hat of Pondering {ponderous,
                  | Will+ MP+10 Int+5} (94% to hit)
 18198 | Lair:3   | Aim: Gastronok, wearing the +3 hat of Pondering {ponderous,
                  | Will+ MP+10 Int+5} (moderately wounded, poisoned, 94% to
                  | hit)
 18198 | Lair:3   | Aim: Gastronok, wearing the +3 hat of Pondering {ponderous,
                  | Will+ MP+10 Int+5} (moderately wounded, poisoned, 94% to
                  | hit)
 18203 | Lair:3   | Killed Gastronok
 18204 | Lair:3   | Reached skill level 4 in Armour
 18675 | Lair:3   | Reached skill level 16 in Fighting
 18873 | Lair:3   | Found a hole to the Spider Nest.
 19159 | Lair:3   | magus.rc [v1.9.6]
 19370 | Lair:4   | Noticed Snorg
 19589 | Lair:4   | Reached skill level 17 in Fighting
 19625 | Lair:4   | Identified the +3 ring mail of Imperfection {Int-4 Dex+7}
 19884 | Lair:4   | Killed Snorg
 19885 | Lair:4   | Reached skill level 18 in Fighting
 20147 | Lair:4   | Noticed Sonja
 20150 | Lair:4   | Killed Sonja
 20702 | Lair:5   | Entered Level 5 of the Lair of Beasts
 20925 | Lair:5   | Reached skill level 15 in Maces & Flails
 21215 | Lair:5   | Reached XP level 14. HP: 159/169 MP: 15/15
 21337 | Lair:5   | Found a runed translucent gate.
 21338 | Lair:5   | Found a runed translucent gate.
 21338 | Lair:5   | Noticed an azure jelly
 21338 | Lair:5   | Noticed an azure jelly
 21339 | Lair:5   | Found a runed translucent gate.
 21339 | Lair:5   | Noticed an acid blob
 21340 | Lair:5   | Noticed an azure jelly
 21340 | Lair:5   | Noticed an azure jelly
 21340 | Lair:5   | Noticed flestrin's ghost (journeyman MiFi)
 21340 | Lair:5   | Noticed an acid blob
 21340 | Lair:5   | Noticed a quicksilver ooze
 21341 | Lair:5   | Noticed a rockslime
 21341 | Lair:5   | Noticed an acid blob
 21341 | Lair:5   | Noticed an azure jelly
 21342 | Lair:5   | Noticed an acid blob
 21441 | Lair:5   | Found a viscous altar of Jiyva.
 21559 | Lair:5   | Found a staircase to the Slime Pits.
 21717 | Lair:5   | Reached skill level 16 in Maces & Flails
 22146 | Lair:5   | Reached skill level 9 in Dodging
 22772 | Lair:5   | Reached skill level 10 in Dodging
 23017 | Lair:5   | Fell from the grace of Ignis
 23017 | Lair:5   | Became a worshipper of Jiyva Jytadega the Shapeless
 23021 | Lair:5   | Killed flestrin's ghost
 23219 | D:11     | Noticed Lodul
 23252 | D:11     | Noticed Erolcha
 23271 | D:11     | Killed Erolcha
 23713 | D:11     | Found a staircase to the Orcish Mines.
 23741 | D:11     | Reached * piety under Jiyva
 23750 | D:11     | You fall into a shaft and drop 1 floor!
 23928 | D:12     | Reached skill level 11 in Dodging
 24107 | D:11     | Reached ** piety under Jiyva
 24227 | D:11     | You fall into a shaft and drop 1 floor!
 24627 | D:11     | Killed Lodul
 24713 | D:11     | You fall into a shaft and drop 1 floor!
 24915 | D:11     | Reached *** piety under Jiyva
 25297 | D:11     | Gained mutation: Armour fits poorly on your pseudopods.
                  | [Jiyva's grace]
 25297 | D:11     | Gained mutation: Armour fits poorly on your large
                  | pseudopods. [Jiyva's grace]
 25297 | D:11     | Gained mutation: Armour fits poorly on your massive
                  | pseudopods. [Jiyva's grace]
 25297 | D:11     | Gained mutation: Your translucent skin slightly reduces
                  | your foes' accuracy. (Stealth+) [Jiyva's grace]
 25302 | D:11     | Found a glowing golden altar of the Shining One.
 25514 | Orc:1    | Entered Level 1 of the Orcish Mines
 25775 | Orc:2    | Entered Level 2 of the Orcish Mines
 25775 | Orc:2    | Noticed Urug
 25787 | Orc:1    | Killed Urug
 25874 | Orc:2    | Reached skill level 12 in Dodging
 25967 | Orc:2    | Found Neim's Jewellery Shoppe.
 26042 | Orc:1    | Reached XP level 15. HP: 134/176 MP: 16/16
 26116 | Orc:2    | Noticed an orc warlord
 26136 | Orc:2    | Reached skill level 7 in Evocations
 26138 | Orc:2    | Killed an orc warlord
 26237 | Orc:1    | Reached **** piety under Jiyva
 26542 | Orc:2    | Found Gules's Antique Weapon Emporium.
 26712 | Orc:2    | Noticed an orc warlord
 26797 | Orc:2    | Was forgiven by Ignis
 26875 | Orc:2    | Killed an orc warlord
 26876 | Orc:2    | Reached skill level 8 in Evocations
 26970 | Orc:2    | Found Qapn's Antique Armour Emporium.
 27073 | Orc:2    | Found a staircase to the Elven Halls.
 27203 | Orc:2    | Found Sool's General Store.
 27327 | Orc:2    | Bought the ring "Retykhe" {Will+ Slay+4 Stlth+} for 1587
                  | gold pieces
 27339 | Orc:2    | Learned a level 3 spell: Mephitic Cloud
 27620 | D:12     | Reached ***** piety under Jiyva
 27658 | D:12     | Lost mutation: You are covered in fur. (AC +1) [Jiyva's
                  | grace]
 27658 | D:12     | Lost mutation: Armour fits poorly on your massive
                  | pseudopods. [Jiyva's grace]
 27658 | D:12     | Lost mutation: Your translucent skin slightly reduces your
                  | foes' accuracy. (Stealth+) [Jiyva's grace]
 27658 | D:12     | Gained mutation: You have a small jelly attached to you
                  | that may absorb projectiles. [Jiyva's grace]
 27658 | D:12     | Gained mutation: Your rubbery body absorbs attacks. (AC +1,
                  | EV +1) [Jiyva's grace]
 27658 | D:12     | Gained mutation: Your pliable body absorbs attacks. (AC +2,
                  | EV +2) [Jiyva's grace]
 27658 | D:12     | Gained mutation: Your gelatinous body deflects attacks. (AC
                  | +3, EV +3) [Jiyva's grace]
 27777 | D:12     | Reached skill level 1 in Alchemy
 27786 | D:12     | Reached skill level 1 in Conjurations
 27786 | D:12     | Reached skill level 1 in Air Magic
 27794 | D:12     | Reached skill level 2 in Spellcasting
 27909 | D:12     | Reached skill level 2 in Air Magic
 27909 | D:12     | Reached skill level 2 in Alchemy
 27914 | D:12     | Reached skill level 2 in Conjurations
 27976 | D:12     | Reached skill level 3 in Spellcasting
 28020 | D:12     | Found a runed translucent door.
 28021 | D:12     | Found a runed translucent door.
 28021 | D:12     | Found a runed translucent door.
 28041 | D:12     | Identified the +3 rapier "Xyimpai" {drain, MP+9 Dex+2
                  | Stlth+}
 28132 | D:12     | You add the spells Summon Forest, Eringya's Noxious Bog and
                  | Summon Hydra to your library.
 28340 | D:13     | Reached skill level 3 in Air Magic
 28358 | D:13     | Reached skill level 4 in Spellcasting
 28358 | D:13     | Reached skill level 3 in Conjurations
 28358 | D:13     | Reached skill level 3 in Alchemy
 28998 | D:14     | You pick up a book of the Wilderness and begin reading...
 28998 | D:14     | You add the spells Summon Mana Viper and Summon Cactus
                  | Giant to your library.
 29334 | D:14     | Reached ****** piety under Jiyva
 29334 | D:14     | Found a gate to the Vaults.
 29619 | Slime:1  | Entered Level 1 of the Pits of Slime
 29619 | Slime:1  | Noticed an acid blob
 29637 | Slime:3  | Noticed a rockslime
 29637 | Slime:3  | Noticed an acid blob
 29641 | Slime:3  | Noticed an acid blob
 29642 | Slime:3  | Noticed an azure jelly
 29643 | Slime:3  | Noticed an acid blob
 29643 | Slime:3  | Noticed a rockslime
 29653 | Slime:5  | Entered Level 5 of the Pits of Slime
 29656 | Slime:5  | Noticed a rockslime
 29661 | Slime:5  | Noticed an acid blob
 29732 | Slime:5  | Noticed an acid blob
 29736 | Slime:5  | Noticed an azure jelly
 29741 | Slime:5  | Noticed an acid blob
 29750 | Slime:5  | Noticed a rockslime
 29822 | Slime:5  | Noticed an acid blob
 29830 | Slime:5  | Noticed an acid blob
 29835 | Slime:5  | Noticed an acid blob
 29843 | Slime:5  | Found a viscous altar of Jiyva.
 29850 | Slime:5  | Found the +5 scythe "Finisher" {speed, execute}
 29862 | Slime:5  | Identified the staff "Cijunep" {rElec Int+3 Dex+2 Air}
 29866 | Slime:5  | Identified the +2 shortbow of Earthquakes {heavy, rElec rF+
                  | Int-4}
 29878 | Slime:5  | Got a slimy rune of Zot
 29879 | Slime:5  | Got a starry gem with 717 turns to spare
 29880 | Slime:5  | Identified the +4 scale mail "Penepezo" {rElec}
 29882 | Slime:5  | Got Nushi's Almanac of Ignition and Percussion
 29888 | Slime:5  | Identified the +8 glaive "Tyseolof" {antimagic, Fly rPois}
 29895 | Slime:5  | Got The Second Course in Wizarding
 29897 | Slime:5  | Identified the +3 falchion of Big Damage {heavy, Int+3}
 29901 | Slime:5  | Identified the +5 short sword of the Pit {freeze, rPois
                  | rCorr}
 29997 | Slime:5  | Noticed the Royal Jelly
 30011 | Slime:5  | Noticed an acid blob
 30013 | Slime:5  | Noticed a rockslime
 30469 | D:14     | Lost mutation: Your gelatinous body deflects attacks. (AC
                  | +3, EV +3) [Jiyva's grace]
 30469 | D:14     | Lost mutation: Armour fits poorly on your large pseudopods.
                  | [Jiyva's grace]
 30469 | D:14     | Gained mutation: You have hidden genetic potential.
                  | [Jiyva's grace]
 30469 | D:14     | Gained mutation: You have great hidden genetic potential.
                  | [Jiyva's grace]
 30469 | D:14     | Gained mutation: Your melee attacks may engulf your foes in
                  | ooze. [Jiyva's grace]
 30469 | D:14     | Gained mutation: Your translucent skin slightly reduces
                  | your foes' accuracy. (Stealth+) [Jiyva's grace]
 30617 | D:15     | Entered Level 15 of the Dungeon
 30635 | D:15     | Reached skill level 5 in Spellcasting
 30635 | D:15     | Reached XP level 16. HP: 139/188 MP: 23/23
 30641 | D:15     | Reached skill level 4 in Conjurations
 30641 | D:15     | Reached skill level 4 in Air Magic
 30641 | D:15     | Reached skill level 4 in Alchemy
 30668 | D:15     | Noticed Josephine
 30677 | D:15     | Killed Josephine
 30896 | D:15     | Reached skill level 6 in Spellcasting
 30948 | D:15     | Reached skill level 19 in Fighting
 31130 | D:15     | Found a staircase to the Depths.
 31785 | Vaults:1 | Entered Level 1 of the Vaults
 31802 | D:14     | Upgraded the game from 0.31-a0-1467-g53b6572822 to
                  | 0.31-a0-1496-g79c7dd0eeb
 31802 | D:14     | magus.rc [v1.9.6]
 32079 | D:14     | magus.rc [v1.9.6]
 32325 | Spider:1 | Entered Level 1 of the Spider Nest
 32358 | Spider:1 | Reached skill level 1 in Shields
 32404 | Spider:1 | Reached skill level 2 in Shields
 32445 | Lair:3   | Reached skill level 3 in Shields
 32509 | Spider:1 | Lost mutation: You are agile. (Dex +4, Str/Int -1) [Jiyva's
                  | grace]
 32509 | Spider:1 | Lost mutation: Armour fits poorly on your pseudopods.
                  | [Jiyva's grace]
 32509 | Spider:1 | Lost mutation: Your translucent skin slightly reduces your
                  | foes' accuracy. (Stealth+) [Jiyva's grace]
 32509 | Spider:1 | Lost mutation: You have great hidden genetic potential.
                  | [Jiyva's grace]
 32509 | Spider:1 | Gained mutation: You have a pair of large horns on your
                  | head. [Jiyva's grace]
 32509 | Spider:1 | Gained mutation: Your spells are a little harder to cast,
                  | but a little more powerful. [Jiyva's grace]
 32509 | Spider:1 | Gained mutation: Your spells are harder to cast, but more
                  | powerful. [Jiyva's grace]
 32509 | Spider:1 | Gained mutation: Your spells are much harder to cast, but
                  | much more powerful. [Jiyva's grace]
 32515 | Spider:1 | Noticed Asterion
 32532 | Spider:1 | Killed Asterion
 32533 | Spider:1 | Reached skill level 4 in Shields
 32645 | Spider:1 | Noticed Rupert
 32651 | Spider:1 | Killed Rupert
 32652 | Spider:1 | Identified the serpent talisman of Histrionic Lucidity
                  | {*Slow rElec rC+ MP+9}
 32652 | Spider:1 | Noticed Aizul
 32654 | Spider:1 | Reached skill level 5 in Shields
 32661 | Spider:1 | Killed Aizul
 32672 | Spider:1 | Reached skill level 6 in Shields
 32755 | Spider:1 | Found a transporter.
 32778 | Spider:1 | Gained mutation: You possess an exceptional clarity of
                  | mind. [hidden potential]
 32801 | Spider:1 | Found a transporter.
 32827 | Spider:1 | Reached skill level 7 in Shields
 33175 | Spider:2 | Reached skill level 20 in Fighting
 33288 | Spider:2 | Reached skill level 8 in Shields
 33410 | Spider:2 | Reached XP level 17. HP: 201/201 MP: 26/26
 33612 | Spider:2 | magus.rc [v1.9.6]
 33643 | Spider:2 | Reached skill level 9 in Shields
 33802 | Spider:3 | Noticed Arachne
 33809 | Spider:3 | Reached skill level 10 in Shields
 33817 | Spider:3 | Killed Arachne
 33914 | Spider:4 | Entered Level 4 of the Spider Nest
 34065 | Spider:3 | Identified the +7 rapier "Gram" {flame, Str+6 Int-3 Dex-3
                  | SInv}
 34091 | Spider:3 | Reached skill level 11 in Shields
 34795 | Spider:3 | Reached skill level 12 in Shields
 34811 | Spider:3 | Gained mutation: You have an increased reservoir of magic.
                  | (+10% MP) [hidden potential]
 34811 | Spider:3 | Lost mutation: You have hidden genetic potential. [hidden
                  | potential expressed]
 35647 | D:9      | Bought a glowing scarf for 136 gold pieces
 35647 | D:9      | Bought a scroll of teleportation for 51 gold pieces
 35801 | Shoals:1 | Entered Level 1 of the Shoals
 35931 | Shoals:1 | Noticed Donald
 35948 | Shoals:1 | Lost mutation: You have large cloven feet. [Jiyva's grace]
 35948 | Shoals:1 | Lost mutation: You have a pair of large horns on your head.
                  | [Jiyva's grace]
 35948 | Shoals:1 | Lost mutation: Your pliable body absorbs attacks. (AC +2,
                  | EV +2) [Jiyva's grace]
 35948 | Shoals:1 | Lost mutation: Your rubbery body absorbs attacks. (AC +1,
                  | EV +1) [Jiyva's grace]
 35948 | Shoals:1 | Lost mutation: Your melee attacks may engulf your foes in
                  | ooze. [Jiyva's grace]
 35948 | Shoals:1 | Gained mutation: Your melee attacks may engulf your foes in
                  | ooze. [Jiyva's grace]
 35948 | Shoals:1 | Gained mutation: You have hidden genetic potential.
                  | [Jiyva's grace]
 35948 | Shoals:1 | Gained mutation: You have great hidden genetic potential.
                  | [Jiyva's grace]
 35948 | Shoals:1 | Gained mutation: Your body has grown eyes which may confuse
                  | attackers. (Acc +3) [Jiyva's grace]
 35958 | Lair:3   | Killed Donald
 36000 | Lair:3   | magus.rc [v1.9.6]
 36021 | Shoals:1 | Reached skill level 13 in Shields
 36356 | Shoals:1 | Reached XP level 18. HP: 185/213 MP: 29/29
 36669 | Shoals:2 | Reached skill level 21 in Fighting
 36906 | Shoals:2 | Noticed Jorgrun
 36914 | Shoals:2 | Killed Jorgrun
 36980 | Shoals:2 | You pick up a book of Debilitation and begin reading...
 36980 | Shoals:2 | You add the spells Slow, Sigil of Binding and Confusing
                  | Touch to your library.
 37185 | Shoals:3 | Noticed Mara
 37197 | Shoals:3 | Noticed MackTheKnife's illusion
 37247 | Shoals:2 | Noticed MackTheKnife's illusion
 37247 | Shoals:2 | Killed Mara
 37288 | Shoals:3 | magus.rc [v1.9.6]
 37499 | Shoals:4 | Entered Level 4 of the Shoals
 37499 | Shoals:4 | Lost mutation: You have a pair of horns on your head.
                  | [Jiyva's grace]
 37499 | Shoals:4 | Lost mutation: You have an increased reservoir of magic.
                  | (+10% MP) [Jiyva's grace]
 37499 | Shoals:4 | Lost mutation: You have great hidden genetic potential.
                  | [Jiyva's grace]
 37499 | Shoals:4 | Gained mutation: You are partially covered in iridescent
                  | scales. (AC +2) [Jiyva's grace]
 37499 | Shoals:4 | Gained mutation: You are mostly covered in iridescent
                  | scales. (AC +4) [Jiyva's grace]
 37499 | Shoals:4 | Gained mutation: You are completely covered in iridescent
                  | scales. (AC +6) [Jiyva's grace]
 37499 | Shoals:4 | Gained mutation: Your flesh is heat resistant. (rF+)
                  | [Jiyva's grace]
 37523 | Shoals:3 | Reached skill level 22 in Fighting
 37815 | Shoals:3 | You add the spells Sandblast and Animate Dead to your
                  | library.
 37815 | Shoals:3 | Got the Lectures on Indurated Gloom
 37846 | Shoals:3 | Learned a level 4 spell: Animate Dead
 38239 | Shoals:4 | magus.rc [v1.9.6]
 38265 | Shoals:4 | Noticed Mlioglotl
 38354 | Shoals:4 | Noticed a bone dragon
 38359 | Shoals:4 | Killed Mlioglotl
 38398 | Shoals:4 | Reached skill level 23 in Fighting
 38424 | Shoals:4 | Noticed Nikola
 38611 | Shoals:4 | Gained mutation: You have great hidden genetic potential.
                  | [hidden potential]
 38625 | Shoals:4 | Got a barnacled rune of Zot
 38635 | Shoals:4 | magus.rc [v1.9.6]
 38880 | Shoals:4 | You pick up a book of Ice and begin reading...
 38880 | Shoals:4 | You add the spells Sculpt Simulacrum, Ozocubu's
                  | Refrigeration and Polar Vortex to your library.
 38927 | Shoals:4 | Reached skill level 24 in Fighting
 39022 | Shoals:4 | Identified the ring "Lexehi Caidd" {rN+ Str+5}
 39271 | Lair:3   | magus.rc [v1.9.6]
 39765 | Vaults:1 | Reached XP level 19. HP: 231/236 MP: 28/28
 39968 | Vaults:1 | Reached skill level 25 in Fighting
 40115 | Vaults:1 | Lost mutation: You are completely covered in iridescent
                  | scales. (AC +6) [Jiyva's grace]
 40115 | Vaults:1 | Lost mutation: You possess an exceptional clarity of mind.
                  | [Jiyva's grace]
 40115 | Vaults:1 | Lost mutation: Your spells are much harder to cast, but
                  | much more powerful. [Jiyva's grace]
 40115 | Vaults:1 | Lost mutation: Your spells are harder to cast, but more
                  | powerful. [Jiyva's grace]
 40115 | Vaults:1 | Lost mutation: You have great hidden genetic potential.
                  | [Jiyva's grace]
 40115 | Vaults:1 | Gained mutation: You have sharp toenails. [Jiyva's grace]
 40115 | Vaults:1 | Gained mutation: You have razor-sharp toenails. [Jiyva's
                  | grace]
 40115 | Vaults:1 | Gained mutation: You have claws for feet. [Jiyva's grace]
 40115 | Vaults:1 | Gained mutation: You expend magic power (3 MP) to
                  | strengthen your wands. [Jiyva's grace]
 40174 | Vaults:1 | Found a runed translucent door.
 40176 | Vaults:1 | Noticed Plog's ghost (adept AtMo)
 41070 | Vaults:2 | Reached skill level 26 in Fighting
 41125 | Vaults:2 | Noticed Mennas
 41139 | Vaults:2 | Killed Mennas
 41500 | Vaults:2 | Gained mutation: You have a pair of horns on your head.
                  | [hidden potential]
 41500 | Vaults:2 | Lost mutation: You have hidden genetic potential. [hidden
                  | potential expressed]
 41614 | Vaults:2 | Reached skill level 27 in Fighting
 41712 | Vaults:2 | Identified the +6 rapier of the Fox {venom, rF+ Will+
                  | Str+3}
 41900 | Vaults:2 | Reached skill level 5 in Armour
 42103 | Vaults:3 | magus.rc [v1.9.6]
 42108 | Vaults:3 | Identified the orb of the Ward {light, rElec rF- Str+5}
 42108 | Vaults:3 | Noticed Frederick
 42124 | Vaults:3 | Killed Frederick
 42238 | Vaults:3 | Reached skill level 6 in Armour
 42301 | Vaults:3 | Found a staircase to the Crypt.
 42301 | Vaults:3 | Found a basalt altar of Yredelemnul.
 42301 | Vaults:3 | Found an ancient bone altar of Kikubaaqudgha.
 42629 | Vaults:3 | Reached skill level 7 in Armour
 42696 | Vaults:3 | Found Nicoitu's Assorted Antiques.
 42707 | Vaults:3 | Bought a potion of curing for 60 gold pieces
 42796 | Vaults:3 | Reached XP level 20. HP: 256/256 MP: 29/29
 42801 | Vaults:3 | Found a runed translucent door.
 43080 | Vaults:3 | Reached skill level 8 in Armour
 43268 | Vaults:3 | Identified the amulet of Ceosas {Fly Will+ Regen+}
 43324 | Vaults:3 | Identified the +3 arbalest of Locus Delicti {heavy, rC+ rN+
                  | Int+3 Dex-5}
 43422 | Vaults:4 | Reached skill level 9 in Armour
 43519 | Vaults:4 | Lost mutation: You have claws for feet. [Jiyva's grace]
 43519 | Vaults:4 | Lost mutation: Your spells are a little harder to cast, but
                  | a little more powerful. [Jiyva's grace]
 43519 | Vaults:4 | Gained mutation: Your mind is acute. (Int +4, Str/Dex -1)
                  | [Jiyva's grace]
 43519 | Vaults:4 | Gained mutation: Your mind is very acute. (Int +8, Str/Dex
                  | -2) [Jiyva's grace]
 43519 | Vaults:4 | Gained mutation: Your rubbery body absorbs attacks. (AC +1,
                  | EV +1) [Jiyva's grace]
 43519 | Vaults:4 | Gained mutation: Your pliable body absorbs attacks. (AC +2,
                  | EV +2) [Jiyva's grace]
 43634 | Vaults:4 | Reached skill level 10 in Armour
 43979 | Vaults:4 | Found a runed translucent gate.
 43979 | Vaults:4 | Found a runed translucent gate.
 43979 | Vaults:4 | Found a runed translucent gate.
 43981 | Vaults:4 | Noticed Ynkabiuw's ghost (adept TrCK)
 44021 | Vaults:4 | Reached skill level 14 in Shields
 44129 | Vaults:4 | Identified the ring "Xoablufeops" {rN+ EV+5 Int+4}
 44670 | Vaults:4 | Killed Ynkabiuw's ghost
 44679 | Vaults:4 | Identified the +2 cloak of Ethics {+Blink Fly Str+7 Int-5}
 45006 | Elf:1    | Entered Level 1 of the Elven Halls
 45106 | Elf:1    | Reached skill level 15 in Shields
 45125 | Elf:1    | Noticed Louise
 45152 | Elf:1    | Reached skill level 1 in Necromancy
 45153 | Elf:1    | Killed Louise
 45158 | Elf:1    | Reached skill level 2 in Necromancy
 45276 | Elf:1    | Reached skill level 3 in Necromancy
 45317 | Elf:1    | Found Xaenofud's Antique Armour Shop.
 45317 | Elf:1    | Found Zoiczic's Jewellery Boutique.
 45318 | Elf:1    | Found Wiah's Weapon Shop.
 45320 | Elf:1    | Found Zeon's Antique Weapon Boutique.
 45427 | Elf:1    | You pick up a book of Power and begin reading...
 45427 | Elf:1    | You add the spells Iskenderun's Battlesphere, Bombard and
                  | Spellforged Servitor to your library.
 45441 | Elf:1    | Reached skill level 4 in Necromancy
 45461 | Elf:1    | Reached XP level 21. HP: 164/265 MP: 30/30
 45711 | Elf:1    | Reached skill level 5 in Necromancy
 45800 | Elf:1    | Identified the serpent talisman of the Plum {Stlth+}
 45805 | Elf:1    | You add the spells Kiss of Death, Fulminant Prism and
                  | Lehudib's Crystal Spear to your library.
 45805 | Elf:1    | Got the Grimoire of Violence
 45859 | Elf:1    | Identified the +9 hand axe "Weor" {holy, Str+3}
 46045 | Elf:2    | Lost mutation: Your mind is very acute. (Int +8, Str/Dex
                  | -2) [Jiyva's grace]
 46045 | Elf:2    | Lost mutation: Your melee attacks may engulf your foes in
                  | ooze. [Jiyva's grace]
 46045 | Elf:2    | Gained mutation: You have claws for feet. [Jiyva's grace]
 46045 | Elf:2    | Gained mutation: You are covered in fur. (AC +1) [Jiyva's
                  | grace]
 46045 | Elf:2    | Gained mutation: You are covered in thick fur. (AC +2)
                  | [Jiyva's grace]
 46045 | Elf:2    | Gained mutation: Your thick and shaggy fur keeps you warm.
                  | (AC +3, rC+) [Jiyva's grace]
 46064 | Elf:2    | Reached skill level 6 in Necromancy
 46068 | Elf:2    | Found a crumbling gateway.
 46077 | Desolati | Entered the Desolation of Salt
 46078 | Desolati | magus.rc [v1.9.6]
 46218 | Desolati | Reached skill level 7 in Necromancy
 46229 | Desolati | Identified the amulet of Nearaz {RegenMP rC++ Will+}
 46231 | Desolati | Identified the amulet "Caveyf" {Reflect Str+3 Dex+3 SH+5}
 46390 | Desolati | Reached skill level 8 in Necromancy
 46412 | Desolati | Identified the ring "Zefioneapto" {rC+ rN+ Will+}
 46474 | Desolati | Reached skill level 7 in Spellcasting
 46534 | Desolati | Reached skill level 8 in Spellcasting
 46596 | Desolati | Identified the ring "Cuteo" {rCorr Str+3}
 46606 | Desolati | You add the spells Static Discharge and Inner Flame to your
                  | library.
 46606 | Desolati | Got the Papyrus of Injurious Incineration {@e2}
 46611 | Desolati | You add the spells Borgnjor's Vile Clutch and Chain
                  | Lightning to your library.
 46611 | Desolati | Got the Exposition on Crystalline Ouranomancy
 46615 | Desolati | Identified the +8 orcbow of Death's Door {heavy, rC+ Will+}
 46616 | Desolati | Identified the ring "Kusiepie" {rF+ rN+ AC+4 Dex+2}
 46658 | Desolati | Identified the +4 rapier of Conscience {freeze, ^Fragile
                  | rN+ Int+2}
 46793 | Desolati | Reached skill level 1 in Axes
 46845 | Elf:2    | Reached skill level 2 in Axes
 47082 | Elf:2    | Reached skill level 3 in Axes
 47139 | Elf:2    | Found a shimmering blue altar of Sif Muna.
 47192 | Elf:2    | Reached skill level 4 in Axes
 47287 | Elf:2    | Reached skill level 5 in Axes
 47314 | Elf:2    | Found a runed translucent gate.
 47315 | Elf:2    | Found a runed translucent gate.
 47315 | Elf:2    | Found a runed translucent gate.
 47419 | Elf:2    | Reached skill level 6 in Axes
 47468 | Elf:2    | Paralysed by an air elemental for 1 turns
 47734 | Elf:2    | Reached skill level 7 in Axes
 47881 | Elf:2    | Reached skill level 8 in Axes
 48094 | Elf:3    | Entered Level 3 of the Elven Halls
 48094 | Elf:3    | Lost mutation: You are mostly covered in iridescent scales.
                  | (AC +4) [Jiyva's grace]
 48094 | Elf:3    | Lost mutation: Your thick and shaggy fur keeps you warm.
                  | (AC +3, rC+) [Jiyva's grace]
 48094 | Elf:3    | Lost mutation: Your pliable body absorbs attacks. (AC +2,
                  | EV +2) [Jiyva's grace]
 48094 | Elf:3    | Gained mutation: You passively map a small area around you.
                  | [Jiyva's grace]
 48094 | Elf:3    | Gained mutation: You passively map the area around you.
                  | [Jiyva's grace]
 48094 | Elf:3    | Gained mutation: You passively map a large area around you.
                  | [Jiyva's grace]
 48094 | Elf:3    | Gained mutation: Armour fits poorly on your pseudopods.
                  | [Jiyva's grace]
 48095 | Elf:3    | Paralysed by an air elemental for 1 turns
 48163 | Elf:3    | Reached skill level 9 in Axes
 48213 | Elf:3    | Reached XP level 22. HP: 256/275 MP: 34/34
 48318 | Elf:3    | Noticed Zenata
 48324 | Elf:3    | Paralysed by an air elemental for 1 turns
 48341 | Elf:3    | Killed Zenata
 48438 | Elf:3    | Found Dacs's Distillery.
 48710 | Elf:3    | Reached skill level 10 in Axes
 48714 | Elf:3    | a deep elf death mage comes into view. It is wielding the
                  | +8 whip "Snakebite" {venom, curare, rPois}.
 48914 | Elf:3    | Reached skill level 11 in Axes
 48923 | Elf:3    | Here: a deep elf death mage, wielding the +8 whip
                  | "Snakebite" {venom, curare, rPois} and wearing a +4 ring of
                  | slaying
 48959 | Elf:3    | magus.rc [v1.9.6]
 48967 | Elf:3    | Identified the +3 hand axe of Tatzyde {vamp, rElec Will+}
 49022 | Elf:3    | Identified the +1 battleaxe of Intimidation {heavy, *Noise
                  | rElec rN+ MP+9}
 49022 | Elf:3    | Identified the ring of Tuteu {*Slow rElec rPois Will+
                  | Dex+2}
 49056 | Elf:3    | Reached skill level 12 in Axes
 49099 | Elf:3    | Identified the +1 halberd "Demonslayer" {flame, rF++ Str+2}
 49150 | Elf:3    | Identified the ring of Zuixtaudy {*Slow Will++ rCorr SInv}
 49173 | Elf:3    | You add the spells Mercury Vapours and Searing Ray to your
                  | library.
 49173 | Elf:3    | Got the Papyrus of Lethal Concoctions
 49263 | Elf:3    | Identified the +1 plate armour of Insurance {+Blink Fly
                  | rC++ Dex-4}
 49546 | Depths:1 | Entered Level 1 of the Depths
 49638 | Depths:1 | Found a one-way gate to the infinite horrors of the Abyss.
 49659 | Depths:1 | Reached skill level 13 in Axes
 49661 | Depths:1 | You are sucked into a shaft and drop 1 floor!
 49713 | Depths:1 | Found a one-way gate leading to the halls of Pandemonium.
 49755 | Depths:1 | Found a magical portal.
 49776 | WizLab   | Entered Wucad Mu's Monastery
 49855 | WizLab   | Found the crystal ball of Wucad Mu {*channel}
 49907 | WizLab   | You pick up a book of Dangerous Friends and begin
                  | reading...
 49907 | WizLab   | You add the spells Summon Blazeheart Golem and Orb of
                  | Destruction to your library.
 49915 | WizLab   | Identified a potion of experience
 49920 | WizLab   | Reached skill level 14 in Axes
 49920 | WizLab   | Reached XP level 23. HP: 284/284 MP: 35/35
 50002 | Depths:1 | Lost mutation: You have a pair of horns on your head.
                  | [Jiyva's grace]
 50002 | Depths:1 | Lost mutation: Armour fits poorly on your pseudopods.
                  | [Jiyva's grace]
 50002 | Depths:1 | Gained mutation: Your pliable body absorbs attacks. (AC +2,
                  | EV +2) [Jiyva's grace]
 50002 | Depths:1 | Gained mutation: Your gelatinous body deflects attacks. (AC
                  | +3, EV +3) [Jiyva's grace]
 50002 | Depths:1 | Gained mutation: Your body has grown many eyes which may
                  | confuse attackers. (Acc +5) [Jiyva's grace]
 50002 | Depths:1 | Gained mutation: Your body is covered in eyes which may
                  | confuse attackers. (Acc +7, SInv) [Jiyva's grace]
 50038 | Depths:1 | Found Selomn's Antique Weapon Shop.
 50046 | Depths:1 | Found Daaracec's Antique Armour Shop.
 50062 | Depths:1 | Found a gateway to Hell.
 50268 | Depths:1 | Found a runed translucent door.
 50269 | Depths:1 | Noticed Mafape's ghost (veteran OnGl)
 50269 | Depths:1 | Found the +3 pair of mountain boots {steadfast, rC+}
 50285 | Depths:1 | Reached skill level 15 in Axes
 50324 | Depths:1 | Found a shadowy altar of Dithmenos.
 51119 | Vaults:5 | Entered Level 5 of the Vaults
 51120 | Vaults:5 | Noticed a golden dragon
 51122 | Vaults:5 | Noticed an ancient lich
 51128 | Vaults:5 | Reached skill level 11 in Armour
 51128 | Vaults:5 | Noticed an ancient lich
 51132 | Vaults:5 | Reached XP level 24. HP: 161/295 MP: 35/35
 51136 | Vaults:5 | Noticed an ancient lich
 51140 | Vaults:5 | Killed an ancient lich
 51140 | Vaults:5 | HP: 49/289 [ancient lich/crystal spear (100)]
 51143 | Vaults:5 | Reached skill level 12 in Armour
 51163 | Vaults:5 | You pick up a book of Blasting and begin reading...
 51163 | Vaults:5 | You add the spells Volatile Blastmotes and Iskenderun's
                  | Mystic Blast to your library.
 51312 | Vaults:5 | Reached skill level 13 in Armour
 51335 | Vaults:5 | You pick up a book of Necromancy and begin reading...
 51356 | Vaults:5 | Noticed an ancient lich
 51370 | Vaults:5 | Killed an ancient lich
 51398 | Vaults:5 | Reached skill level 14 in Armour
 51414 | Vaults:5 | Noticed Bai Suzhen
 51427 | Vaults:5 | Killed Bai Suzhen
 51442 | Vaults:5 | Your ally Bai Suzhen died
 51478 | Vaults:5 | Noticed a dread lich
 51492 | Vaults:5 | Killed a dread lich
 51493 | Vaults:5 | Reached skill level 15 in Armour
 51637 | Vaults:5 | Identified the +2 leather armour of a sewer {rC+ Str+3
                  | Stlth+}
 51656 | Vaults:5 | You pick up a book of Beasts and begin reading...
 51656 | Vaults:5 | You add the spells Summon Ice Beast and Monstrous Menagerie
                  | to your library.
 51701 | Vaults:5 | Identified the amulet of Addetala {*Slow rC+ Regen+ Int+2}
 51757 | Vaults:5 | Killed an ancient lich
 51758 | Vaults:5 | Killed an ancient lich
 51814 | Vaults:5 | Reached skill level 16 in Armour
 51831 | Vaults:5 | +0 shadow dragon scales {rare}; a shadow dragon corpse
 51831 | Vaults:5 | f - +0 shadow dragon scales {rare}
 51852 | Vaults:5 | Got a silver rune of Zot
 51882 | Vaults:5 | Lost mutation: You have claws for feet. [Jiyva's grace]
 51882 | Vaults:5 | Lost mutation: You passively map a large area around you.
                  | [Jiyva's grace]
 51882 | Vaults:5 | Lost mutation: You are covered in thick fur. (AC +2)
                  | [Jiyva's grace]
 51882 | Vaults:5 | Lost mutation: Your gelatinous body deflects attacks. (AC
                  | +3, EV +3) [Jiyva's grace]
 51882 | Vaults:5 | Lost mutation: You expend magic power (3 MP) to strengthen
                  | your wands. [Jiyva's grace]
 51882 | Vaults:5 | Gained mutation: You are partially covered in large bone
                  | plates. (SH +4) [Jiyva's grace]
 51882 | Vaults:5 | Gained mutation: You are mostly covered in large bone
                  | plates. (SH +6) [Jiyva's grace]
 51882 | Vaults:5 | Gained mutation: You are completely covered in large bone
                  | plates. (SH +8) [Jiyva's grace]
 51882 | Vaults:5 | Gained mutation: You passively map a large area around you.
                  | [Jiyva's grace]
 52003 | Vaults:5 | +0 shadow dragon scales {rare}; a storm dragon corpse; a
                  | shadow dragon corpse
 52004 | Vaults:5 | Identified the ring "Niciemeo" {rN+ Str+3}
 52035 | Vaults:5 | Reached XP level 25. HP: 304/304 MP: 35/35
 52065 | Vaults:5 | Found the +1 robe of Vines {NoPotionHeal Regen++++}
 52070 | Vaults:5 | Identified the +2 cloak of the Bulwark {rN+ Slay+2 SInv}
 52178 | Vaults:5 | You add the spells Flame Wave, Ignite Poison and Fireball
                  | to your library.
 52178 | Vaults:5 | Got the Quarto of the Salvo and Lava
 52275 | Vaults:5 | Identified the +0 short sword "Ygergh Fofocy" {freeze,
                  | rPois Will- Str+5}
 52925 | Elf:1    | Bought transparent gold dragon scales for 2975 gold pieces
 52925 | Elf:1    | Identified the +9 gold dragon scales of Noufuep {rPois rF+
                  | rC+ Int+3} (You bought it in a shop on level 1 of the Elven
                  | Halls)
 52925 | Elf:1    | x - the +9 gold dragon scales of Noufuep {rPois rF+ rC+
                  | Int+3, rare}
 52935 | Elf:1    | You finish putting on the +9 gold dragon scales of Noufuep
                  | {rPois rF+ rC+ Int+3, rare}.
 52949 | Elf:1    | You drop +0 shadow dragon scales {rare}.
 52955 | Elf:1    | magus.rc [v1.9.6]
 53223 | Depths:2 | Noticed Grunn
 53230 | Depths:2 | Killed Grunn
 53231 | Depths:2 | Reached skill level 17 in Armour
 53789 | Spider:4 | You add the spells Sticky Flame and Ignition to your
                  | library.
 53934 | Spider:4 | Got a gossamer rune of Zot
 54400 | Depths:3 | Found Wiusmix's Jewellery Emporium.
 54401 | Depths:3 | Found Daylyg's Book Boutique.
 54401 | Depths:3 | Found Akupapnumet's Book Boutique.
 54435 | Depths:3 | Reached skill level 16 in Shields
 54478 | Depths:3 | Found Edemyom's Antique Armour Emporium.
 54495 | Depths:4 | Entered Level 4 of the Depths
 54495 | Depths:4 | Found a one-way gateway to a ziggurat.
 54512 | Depths:4 | Reached skill level 18 in Armour
 54580 | Depths:4 | Found a gate to the Realm of Zot.
 54595 | Depths:4 | Got a midnight gem with 1216 turns to spare
 54808 | Crypt:1  | Entered Level 1 of the Crypt
 54914 | Crypt:3  | Entered Level 3 of the Crypt
 54921 | Crypt:3  | Reached skill level 17 in Shields
 55051 | Crypt:3  | Reached XP level 26. HP: 240/314 MP: 35/35
 55068 | Crypt:3  | Found an ancient bone altar of Kikubaaqudgha.
 55094 | Crypt:3  | Noticed a curse skull
 55097 | Crypt:3  | Reached skill level 18 in Shields
 55099 | Crypt:3  | Killed a curse skull
 55118 | Crypt:3  | Got an ivory gem with 1448 turns to spare
 55455 | Zot:1    | Entered Level 1 of the Realm of Zot
 55479 | Zot:2    | magus.rc [v1.9.6]
 55479 | Zot:2    | Noticed an electric golem
 55489 | Zot:2    | Identified +0 gold dragon scales
 55491 | Zot:2    | Killed an electric golem
 55494 | Zot:2    | +0 gold dragon scales {rare}; a golden dragon corpse
 55495 | Zot:2    | Lost mutation: You have razor-sharp toenails. [Jiyva's
                  | grace]
 55495 | Zot:2    | Lost mutation: You are partially covered in iridescent
                  | scales. (AC +2) [Jiyva's grace]
 55495 | Zot:2    | Lost mutation: Your mind is acute. (Int +4, Str/Dex -1)
                  | [Jiyva's grace]
 55495 | Zot:2    | Lost mutation: You passively map a large area around you.
                  | [Jiyva's grace]
 55495 | Zot:2    | Lost mutation: You are covered in fur. (AC +1) [Jiyva's
                  | grace]
 55495 | Zot:2    | Lost mutation: Your body is covered in eyes which may
                  | confuse attackers. (Acc +7, SInv) [Jiyva's grace]
 55495 | Zot:2    | Lost mutation: Your body has grown many eyes which may
                  | confuse attackers. (Acc +5) [Jiyva's grace]
 55495 | Zot:2    | Lost mutation: Your pliable body absorbs attacks. (AC +2,
                  | EV +2) [Jiyva's grace]
 55495 | Zot:2    | Gained mutation: You have acidic saliva. [Jiyva's grace]
 55495 | Zot:2    | Gained mutation: Your translucent skin slightly reduces
                  | your foes' accuracy. (Stealth+) [Jiyva's grace]
 55495 | Zot:2    | Gained mutation: Your translucent skin reduces your foes'
                  | accuracy. (Stealth+) [Jiyva's grace]
 55495 | Zot:2    | Gained mutation: Your transparent skin significantly
                  | reduces your foes' accuracy. (Stealth+) [Jiyva's grace]
 55498 | Zot:2    | +0 gold dragon scales {rare}; a golden dragon corpse
 55529 | Zot:2    | quicksilver dragon scales {rare}; a quicksilver dragon
                  | corpse
 55544 | Zot:2    | +0 storm dragon scales {rare}; a storm dragon corpse
 55546 | Zot:2    | magus.rc [v1.9.6]
 55547 | Zot:2    | Reached skill level 16 in Axes
 55568 | Zot:2    | +0 storm dragon scales {rare}; a storm dragon corpse
 55745 | Zot:5    | Entered Level 5 of the Realm of Zot
 55789 | Zot:5    | Reached skill level 17 in Axes
 55793 | Zot:5    | Noticed a Killer Klown
 55821 | Zot:5    | Killed a Killer Klown
 55836 | Zot:5    | Got a prismatic gem with 575 turns to spare
 55852 | Zot:5    | Noticed an orb of fire
 55860 | Zot:5    | Noticed a Killer Klown
 55860 | Zot:5    | Noticed a Killer Klown
 55867 | Zot:5    | Noticed an electric golem
 55891 | Zot:5    | Killed a Killer Klown
 55916 | Zot:5    | Killed an electric golem
 55919 | Zot:5    | Killed a Killer Klown
 55942 | Zot:5    | Reached skill level 18 in Axes
 55948 | Zot:5    | Noticed a Killer Klown
 55949 | Zot:5    | Noticed a Killer Klown
 55967 | Zot:5    | Killed a Killer Klown
 55971 | Zot:5    | Killed a Killer Klown
 56053 | Zot:5    | Got the Orb of Zot
 56114 | Zot:5    | Reached skill level 19 in Axes
 56122 | Zot:5    | Noticed a Killer Klown
 56223 | Zot:2    | +0 storm dragon scales {rare}; a storm dragon skeleton
 56230 | Zot:2    | +0 gold dragon scales {rare}; a golden dragon skeleton
 56248 | Zot:1    | Noticed Videv the pandemonium lord
 56359 | Depths:1 | Noticed Fyragil the pandemonium lord
 56367 | Depths:1 | Killed Fyragil the pandemonium lord
 56704 | D:$      | Escaped with the Orb!

Vanquished Creatures
  A pandemonium lord (Depths:1)
  Frederick (Vaults:3)
  A dread lich (Vaults:5)
  Mara (Shoals:2)
  4 ancient liches (Vaults:5)
  Mennas (Vaults:2)
  Bai Suzhen (Vaults:5)
  5 Killer Klowns (Zot:5)
  3 golden dragons
  The ghost of Ynkabiuw the Metamorph, an adept TrCK of Jiyva (Vaults:4)
  A bone dragon (Depths:4)
  2 doom hounds (Depths:2)
  2 electric golems
  Arachne (Spider:3)
  5 tentacled monstrosities
  5 liches
  Rupert (Spider:1)
  Zenata (Elf:3)
  Jorgrun (Shoals:2)
  24 Orb Guardians
  Asterion (Spider:1)
  2 deep elf blademasters (Elf:3)
  6 sphinxes
  4 quicksilver dragons
  Grunn (Depths:2)
  4 titans (Vaults:5)
  4 deep elf master archers (Elf:3)
  4 death cobs
  An Executioner (Zot:5)
  Gastronok (Lair:3)
  A kraken (Shoals:4)
  3 storm dragons
  An ancient champion (Crypt:3)
  6 shadow dragons
  Donald (Lair:3)
  3 tengu reavers
  Aizul (Spider:1)
  3 revenants (Crypt:3)
  2 draconian monks
  A draconian shifter (Zot:2)
  An iron dragon (Vaults:5)
  6 ghost moths
  9 fire giants
  8 deep elf sorcerers
  An imperial myrmidon (Desolation)
  A juggernaut zombie (Crypt:3)
  18 vault wardens
  6 orc warlords
  7 emperor scorpions
  A draconian scorcher (Depths:4)
  4 frost giants
  Louise (Elf:1)
  2 balrugs
  3 deep elf elementalists (Elf:3)
  3 broodmothers
  A curse skull (Crypt:3)
  22 ironbound preservers
  A ghoul (Crypt:2)
  10 ironbound thunderhulks
  A reaper (Depths:2)
  9 stone giants
  A cacodemon (D:13)
  2 vampire knights
  4 green draconians
  A lorocyproca (Depths:1)
  11 very ugly things
  8 deep elf demonologists
  11 deep elf death magi
  9 deep elf annihilators
  5 black draconians
  6 dire elephants (Vaults:3)
  6 war gargoyles
  3 purple draconians
  4 white draconians
  2 spark wasps (Spider:3)
  2 yellow draconians (Zot:2)
  An orange crystal statue (WizLab)
  2 halazid warlocks (Desolation)
  Snorg (Lair:4)
  A green death (Vaults:4)
  2 eidola
  Josephine (D:15)
  3 crystal guardians (Desolation)
  4 ettins
  7 fire dragons
  3 jiangshi
  3 deep elf high priests (Elf:3)
  14 yaktaur captains
  5 merfolk javelineers (Shoals:4)
  7 merfolk impalers
  5 entropy weavers
  38 vault guards
  6 ragged hierophants (Desolation)
  A rakshasa (Vaults:4)
  7 peacekeepers
  7 servants of whispers (Desolation)
  Erolcha (D:11)
  6 ice dragons
  7 hydras
  9 ironbound frosthearts
  A jorogumo (Spider:4)
  An Orb Guardian zombie (Crypt:3)
  2 merfolk avatars (Shoals:4)
  A catoblepas (Lair:5)
  3 two-headed ogres
  20 centaur warriors
  6 boulder beetles
  An ogre mage (Vaults:5)
  2 radroaches
  4 satyrs
  2 death knights
  A death scarab (Spider:3)
  29 dancing weapons
  5 deep troll earth magi
  3 death yaks (Lair:5)
  8 hell knights
  4 vampire magi
  5 orc high priests
  2 tengu warriors
  4 deep troll shamans
  A spriggan berserker (Depths:1)
  Nergalle (Lair:3)
  Urug (Orc:1)
  Sonja (Lair:4)
  9 demonic crawlers
  6 sun demons
  17 deep elf knights
  5 soul eaters
  A salamander mystic (Depths:1)
  9 shadow wraiths
  2 titan skeletons
  10 skeletal warriors
  A skyshark (Lair:5)
  5 iron trolls
  Lodul (D:11)
  5 flayed ghosts
  40 deep trolls
  A large abomination (Zot:5)
  10 pharaoh ants
  14 sea snakes
  An ogre zombie (Vaults:5)
  A bog body (Crypt:2)
  7 arcanists
  17 lindwurms
  18 deep elf archers
  24 ironbound convokers
  10 phantasmal warriors
  8 orc knights
  A cherub (Zot:3)
  14 steelbarb worms
  18 orb spiders
  29 deep elf zephyrmancers
  6 necromancers
  11 harpies (Shoals:1)
  41 deep elf pyromancers
  A stone giant zombie (Vaults:5)
  7 fauns
  25 wolf spiders
  22 manticores
  Maurice (D:7)
  A dire elephant zombie (Crypt:3)
  4 salamanders
  4 orc sorcerers
  9 cyclopes
  15 ugly things
  3 elephants
  4 merfolk sirens
  2 black mambas (Lair:5)
  7 meliai
  6 kobold blastminers
  10 moths of wrath
  2 orange demons (D:13)
  A guardian serpent (Desolation)
  16 vault sentinels
  3 gargoyles
  A smoke demon (Depths:1)
  13 water nymphs
  12 torpor snails
  A dire elephant skeleton (Crypt:1)
  A cane toad (shapeshifter) (D:13)
  19 cane toads
  3 kobold demonologists (D:12)
  3 unseen horrors
  2 efreet
  An elf zombie (Vaults:5)
  A yaktaur zombie (Vaults:5)
  A freezing wraith (Crypt:2)
  15 yaktaurs
  Psyche (D:8)
  A hellion (Depths:4)
  5 komodo dragons
  7 rime drakes
  A troll (shapeshifter) (Vaults:4)
  4 guardian mummies (Crypt:3)
  2 burning bushes (Lair:1)
  29 merfolk
  A human zombie (Vaults:5)
  A pale draconian skeleton (Crypt:3)
  11 trolls
  5 wind drakes
  A polar bear (Lair:5)
  30 saltlings (Desolation)
  32 tarantellas
  6 hornets
  Prince Ribbit (D:7)
  24 blink frogs
  3 dream sheep (Lair:5)
  26 jumping spiders
  3 spriggan zombies
  13 snapping turtles
  A fire giant simulacrum (Vaults:3)
  3 air elementals
  2 spriggans (Depths:1)
  2 vampires (D:12)
  A spriggan (shapeshifter) (Elf:2)
  7 shadows
  2 centaur simulacra
  7 water elementals
  An ettin skeleton (Crypt:3)
  2 spriggan skeletons
  9 wraiths
  15 fire elementals
  3 wyverns
  A warg (Orc:2)
  A black mamba skeleton (Crypt:1)
  30 culicivoras
  4 basilisks
  46 yaks
  4 humans (Bailey)
  74 redbacks
  An alligator snapping turtle simulacrum (Crypt:1)
  A harpy simulacrum (Crypt:3)
  A deep troll zombie (Vaults:5)
  5 acid dragons
  15 water moccasins
  28 orc warriors
  A demonspawn skeleton (Crypt:3)
  4 black bears
  3 ice beasts (D:7)
  A sky beast (D:8)
  5 laughing skulls (Crypt:1)
  20 wolves
  A blink frog zombie (Crypt:3)
  17 ogres
  2 boggarts (Vaults:4)
  A swamp dragon zombie (Crypt:2)
  19 centaurs
  9 weeping skulls (Crypt:3)
  4 kobold brigands
  22 bullfrogs
  2 gnoll sergeants
  3 necrophages (Crypt:2)
  3 scorpions
  A yaktaur skeleton (Crypt:2)
  2 earth elementals
  10 wights
  6 electric eels
  3 bombardier beetles
  4 hounds
  A sleepcap (D:7)
  11 orc priests
  A gnoll bouda (D:7)
  6 jellies
  Jessica (D:2)
  3 iguanas
  17 orc wizards
  24 gnolls
  8 adders
  A shadow imp (D:5)
  5 white imps
  4 ufetubi (D:6)
  A lava snake skeleton (Crypt:1)
  A worm (D:3)
  A dart slug (D:5)
  47 orcs
  4 ball pythons
  12 endoplasms
  2 giant cockroaches
  11 goblins
  14 hobgoblins
  4 jackals
  11 kobolds
  6 quokkas
  2 bats (D:1)
  6 frilled lizards
  10 rats
  A tentacle (Shoals:4)
1940 creatures vanquished.

Vanquished Creatures (collateral kills)
  2 golden dragons (Vaults:5)
  A tentacled monstrosity (Vaults:5)
  Mlioglotl (Shoals:4)
  An iron dragon (Vaults:5)
  2 deep elf sorcerers
  A deep elf annihilator (Elf:3)
  A yaktaur captain (Vaults:5)
  An entropy weaver (Vaults:5)
  A peacekeeper (Vaults:4)
  A boulder beetle (Lair:4)
  An orb spider (Spider:1)
  4 elephants (Lair:4)
  A molten gargoyle (Desolation)
  A redback zombie (Vaults:5)
  A tarantella (Spider:1)
  3 merfolk (Shoals:4)
  9 saltlings (Desolation)
  A jumping spider (Spider:4)
  A water elemental (Elf:3)
  A culicivora (Spider:4)
  A fire elemental (Elf:3)
  7 redbacks
  An entropy weaver zombie (Vaults:5)
44 creatures vanquished.

Vanquished Creatures (others)
  A sphinx (Vaults:2)
  2 ironbound preservers (Vaults:3)
  3 formless jellyfish
  A draconian annihilator (Zot:2)
  An ironbound thunderhulk (Vaults:3)
  The ghost of flestrin the Cleaver, a journeyman MiFi of Okawaru (Lair:5)
  A deep elf death mage (Elf:3)
  A dire elephant (Vaults:3)
  3 yaktaur captains
  2 great orbs of eyes
  An ogre mage (Vaults:2)
  A great orb of eyes (shapeshifter) (Vaults:5)
  A centaur warrior (Vaults:2)
  A sphinx zombie (Vaults:5)
  A two-headed ogre (D:13)
  A storm dragon zombie (Vaults:5)
  A deep elf knight (Elf:2)
  2 glowing orange brains
  A golden dragon zombie (Vaults:5)
  2 skysharks (shapeshifter) (Vaults:5)
  A deep troll (Vaults:2)
  A deep elf archer (Elf:2)
  2 shadow dragon zombies (Vaults:5)
  4 ironbound convokers
  A deep elf pyromancer (D:13)
  An iron dragon zombie (Vaults:5)
  A steelbarb worm (Spider:4)
  A fire giant zombie (Vaults:5)
  A deep elf zephyrmancer (Elf:1)
  A stone giant zombie (Vaults:5)
  A shining eye (shapeshifter) (Vaults:1)
  A manticore (Shoals:4)
  A cyclops (D:12)
  A vault sentinel (Vaults:3)
  2 meliai (Spider:3)
  A kobold blastminer (Orc:2)
  An eye of devastation (shapeshifter) (Vaults:5)
  A troll (D:12)
  20 human zombies (Vaults:5)
  A tarantella (Spider:4)
  4 saltlings (Desolation)
  An ettin zombie (Vaults:5)
  2 deep troll zombies (Vaults:5)
  A jumping spider (Spider:4)
  17 slime creatures
  A culicivora (Spider:2)
  2 shadows
  A water elemental (Shoals:4)
  A redback (shapeshifter) (Vaults:5)
  A redback (Spider:2)
  An acid dragon (D:12)
  An entropy weaver zombie (Vaults:5)
  An orc warrior (Orc:2)
  A boggart (Vaults:4)
  A centaur (D:15)
  7 yaktaur zombies (Vaults:5)
  A small abomination (Zot:1)
  An electric eel (D:12)
  2 orc priests (Orc:2)
  228 jellies
  4 orc wizards
  2 ufetubi (Vaults:3)
  9 orcs
  11 tentacles (Shoals:4)
373 creatures vanquished.

Grand Total: 2357 creatures vanquished

Table legend:
 A = Non-vault XP
 B = Vault XP
 C = Vault XP percentage of total XP
 D = Non-vault monster count
 E = Vault monster count
 F = Vault count percentage of total count
                 A         B        C        D         E       F
            +---------+---------+-------+---------+---------+-------
      Total |  538317 |  569717 |  51.4 |    1220 |     736 |  37.6
            +---------+---------+-------+---------+---------+-------
        D:1 |      44 |       0 |   0.0 |      28 |       0 |   0.0
        D:2 |      54 |      37 |  40.7 |      18 |       1 |   5.3
        D:3 |     103 |       0 |   0.0 |      15 |       0 |   0.0
        D:4 |     401 |       0 |   0.0 |      16 |       0 |   0.0
        D:5 |     948 |       0 |   0.0 |      16 |       0 |   0.0
        D:6 |     859 |       0 |   0.0 |      23 |       0 |   0.0
        D:7 |    1573 |    1081 |  40.7 |      24 |       3 |  11.1
        D:8 |    2279 |     340 |  13.0 |      15 |       1 |   6.2
        D:9 |    1822 |     934 |  33.9 |      21 |      16 |  43.2
       D:10 |    3177 |     229 |   6.7 |      16 |       2 |  11.1
       D:11 |    3446 |    2994 |  46.5 |       9 |      28 |  75.7
       D:12 |    4496 |   13658 |  75.2 |      19 |      27 |  58.7
       D:13 |    6229 |       0 |   0.0 |      13 |       0 |   0.0
       D:14 |    6105 |     799 |  11.6 |      12 |       1 |   7.7
       D:15 |   11356 |    5220 |  31.5 |      28 |      12 |  30.0
     Lair:1 |    5725 |    1765 |  23.6 |      28 |       5 |  15.2
     Lair:2 |    4497 |     496 |   9.9 |      21 |       2 |   8.7
     Lair:3 |    6073 |    5954 |  49.5 |      21 |       6 |  22.2
     Lair:4 |    9795 |    1730 |  15.0 |      32 |       2 |   5.9
     Lair:5 |   13964 |    9561 |  40.6 |      42 |      29 |  40.8
   Shoals:1 |   18352 |       0 |   0.0 |      34 |       0 |   0.0
   Shoals:2 |    5980 |    6516 |  52.1 |      12 |       2 |  14.3
   Shoals:3 |   11730 |       0 |   0.0 |      23 |       0 |   0.0
   Shoals:4 |   16167 |   17952 |  52.6 |      38 |      27 |  41.5
   Spider:1 |   15434 |    8840 |  36.4 |      43 |      13 |  23.2
   Spider:2 |   16932 |    8655 |  33.8 |      49 |      14 |  22.2
   Spider:3 |   33419 |    3756 |  10.1 |      83 |       6 |   6.7
   Spider:4 |   18934 |   18424 |  49.3 |      49 |      35 |  41.7
      Orc:1 |    2319 |    1439 |  38.3 |      22 |       2 |   8.3
      Orc:2 |    5156 |    8314 |  61.7 |      36 |      28 |  43.8
      Elf:1 |   24380 |    9603 |  28.3 |      38 |      14 |  26.9
      Elf:2 |   22469 |   26227 |  53.9 |      37 |      35 |  48.6
      Elf:3 |   17826 |   42264 |  70.3 |      31 |      37 |  54.4
   Vaults:1 |   17484 |   14357 |  45.1 |      25 |      18 |  41.9
   Vaults:2 |   24653 |   21247 |  46.3 |      32 |      22 |  40.7
   Vaults:3 |   18012 |   12833 |  41.6 |      21 |      12 |  36.4
   Vaults:4 |   15621 |   41449 |  72.6 |      22 |      47 |  68.1
   Vaults:5 |   35857 |  127482 |  78.0 |      49 |      95 |  66.0
    Crypt:1 |    7340 |       0 |   0.0 |      16 |       0 |   0.0
    Crypt:2 |    4104 |       0 |   0.0 |      10 |       0 |   0.0
    Crypt:3 |   17523 |   20347 |  53.7 |      24 |      40 |  62.5
   Depths:1 |   37626 |    7838 |  17.2 |      46 |      10 |  17.9
   Depths:2 |    2298 |    8830 |  79.3 |       2 |       6 |  75.0
   Depths:3 |   16351 |    1921 |  10.5 |      21 |       2 |   8.7
   Depths:4 |    5565 |   12808 |  69.7 |       5 |      11 |  68.8
      Zot:2 |   31408 |    2254 |   6.7 |      26 |       2 |   7.1
      Zot:3 |    6504 |       0 |   0.0 |       4 |       0 |   0.0
      Zot:4 |     498 |       0 |   0.0 |       1 |       0 |   0.0
      Zot:5 |    5429 |   61352 |  91.9 |       4 |      32 |  88.9
     Bailey |       0 |    3602 | 100.0 |       0 |      21 | 100.0
     WizLab |       0 |     961 | 100.0 |       0 |       1 | 100.0
 Desolation |       0 |   35648 | 100.0 |       0 |      69 | 100.0
            +---------+---------+-------+---------+---------+-------

Skill      XL: |  1  2  3  4  5  6  7  8  9 10 11 12 13 14 15 16 17 18 19 20 21 22 23 24 25 26 |
---------------+-------------------------------------------------------------------------------+-----
Fighting       | 5 6 8 9 12 14 18 20 24 27 | 27.0
Fire Magic     | 3 |  3.2
Maces & Flails | 4 9 12 13 14 15 16 | 16.0
Dodging        | 3 8 12 | 12.0
Evocations     | 6 8 |  8.0
Armour         | 3 4 7 10 11 16 18 | 18.0
Alchemy        | 3 4 |  4.0
Conjurations   | 3 4 |  4.0
Air Magic      | 3 4 |  4.0
Spellcasting   | 5 6 8 |  8.0
Shields        | 8 13 15 17 18 | 18.0
Necromancy     | 4 8 |  8.0
Axes           | 9 14 15 19 | 19.4

Action                     |  1- 3 |  4- 6 |  7- 9 | 10-12 | 13-15 | 16-18 | 19-21 | 22-24 | 25-27 || total
---------------------------+-------+-------+-------+-------+-------+-------+-------+-------+-------++-------
  Melee: Mace              |    63 |    44 |   104 |   173 |       |       |       |       |       ||   384
         Headbutt          |     5 |    11 |    19 |    81 |   246 |   405 |   417 |   159 |   190 ||  1533
         Kick              |       |       |     1 |   123 |   324 |   274 |   671 |   258 |   298 ||  1949
         Morningstar       |       |       |       |   212 |   927 |   782 |    16 |       |       ||  1937
         Punch             |       |       |       |     6 |     8 |     5 |       |       |       ||    19
         Pseudopods        |       |       |       |       |    92 |    35 |     2 |    64 |       ||   193
         Demon whip        |       |       |       |       |       |   527 |  1350 |   154 |       ||  2031
         Broad axe         |       |       |       |       |       |       |       |   374 |   640 ||  1014
         Bite              |       |       |       |       |       |       |       |       |    39 ||    39
  Throw: Dart              |       |     2 |    31 |    35 |    21 |     1 |       |       |       ||    90
         Boomerang         |       |     2 |     2 |       |       |       |       |       |       ||     4
   Cast: Scorch            |    21 |    28 |   126 |   168 |    72 |       |       |     1 |       ||   416
         Mephitic Cloud    |       |       |       |       |     5 |     8 |     2 |       |       ||    15
         Animate Dead      |       |       |       |       |       |       |       |     5 |       ||     5
 Invoke: Fiery Armour      |       |     1 |     1 |       |       |       |       |       |       ||     2
         Rising Flame      |       |       |     1 |       |       |       |       |       |       ||     1
         Oozemancy         |       |       |       |       |       |     4 |       |     5 |     5 ||    14
  Evoke: Wand              |       |       |    11 |     8 |    16 |    20 |    10 |     5 |     1 ||    71
         Sack of spiders   |       |       |       |     1 |     3 |     3 |     4 |     1 |       ||    12
         Lightning rod     |       |       |       |       |     4 |    14 |     8 |     6 |       ||    32
         Phantom mirror    |       |       |       |       |       |     4 |     4 |     2 |       ||    10
    Use: Scroll            |       |     3 |     8 |    13 |     5 |     5 |     6 |    14 |     8 ||    62
         Potion            |       |     1 |     6 |     2 |     1 |     4 |     3 |    15 |     5 ||    37
   Stab: Held in net/web   |       |       |       |     1 |     1 |       |       |       |       ||     2
         Confused          |       |       |       |       |     2 |     9 |    11 |    24 |    39 ||    85
         Sleeping          |       |       |       |       |     1 |     3 |     2 |       |       ||     6
         Distracted        |       |       |       |       |       |     1 |     7 |     1 |       ||     9
         Invisible         |       |       |       |       |       |     2 |       |       |       ||     2
 Armour: Robe              |    40 |    33 |   263 |   111 |       |       |       |       |       ||   447
         Acid dragon scale |       |       |       |   186 |   626 |   835 |   634 |   477 |    14 ||  2772
         Fire dragon scale |       |       |       |       |       |    12 |       |       |       ||    12
         Gold dragon scale |       |       |       |       |       |       |       |       |   540 ||   540
  Dodge: Dodged            |    25 |    24 |   152 |   252 |   644 |   661 |   380 |   273 |   224 ||  2635
  Block: Kite shield       |       |       |       |       |       |   711 |   685 |   562 |    41 ||  1999
         Reflection        |       |       |       |       |       |       |    24 |    23 |    24 ||    71
         Tower shield      |       |       |       |       |       |       |       |       |  1164 ||  1164

Illustrated notes

Table legend:
 A = Kills in this place as a percentage of kills in the entire game.
 B = Kills by you in this place as a percentage of kills by you in the entire game.
 C = Kills by friends in this place as a percentage of kills by friends in the entire game.
 D = Other kills in this place as a percentage of other kills in the entire game.
 E = Experience gained in this place as a percentage of experience gained in the entire game.
 F = Experience gained in this place divided by the number of levels of this place that you have seen.
                   A       B       C       D       E      F
               +-------+-------+-------+-------+-------+----------------------
         Total | 100.0 | 100.0 | 100.0 | 100.0 | 100.0 | 19419.3
       Dungeon |  18.7 |  19.3 |   0.0 |   4.2 |   6.4 | 4840.5
          Lair |   9.5 |   9.6 |  11.9 |   0.0 |   5.3 | 11912.0
        Shoals |   6.9 |   6.9 |   9.5 |   0.0 |   6.8 | 19174.2
   Spider Nest |  14.8 |  14.2 |  23.8 |  50.0 |  11.0 | 31098.5
  Orcish Mines |   4.5 |   4.6 |   0.0 |   0.0 |   1.5 | 8614.0
   Elven Halls |   9.8 |   9.7 |   9.5 |  16.7 |  12.7 | 47589.7
        Vaults |  17.4 |  17.3 |  21.4 |  16.7 |  29.2 | 65799.0
         Crypt |   4.6 |   4.6 |   0.0 |   8.3 |   4.4 | 16438.0
        Depths |   5.5 |   5.7 |   0.0 |   0.0 |   9.3 | 26050.0
           Zot |   3.7 |   3.7 |   0.0 |   4.2 |   9.8 | 22068.4
        Bailey |   1.1 |   1.1 |   0.0 |   0.0 |   0.3 | 3602.0
        Wizlab |   0.1 |   0.1 |   0.0 |   0.0 |   0.1 | 961.0
    Desolation |   3.5 |   3.1 |  23.8 |   0.0 |   3.2 | 35648.0
               +-------+-------+-------+-------+-------+----------------------

Table legend: (Time is in decaauts)
 A = Elapsed time spent in this place.
 B = Non-inter-level travel time spent in this place.
 C = Inter-level travel time spent in this place.
 D = Time resting spent in this place.
 E = Time spent auto-exploring this place.
 F = Levels seen in this place.
 G = Mean time per level.
                   A        B        C        D        E       F      G
               +--------+--------+--------+--------+--------+-----+--------+
         Total |  57575 |  50647 |   6928 |   6688 |  29796 |  58 |  992.7 |
       Dungeon |  21736 |  18399 |   3337 |   2940 |  12426 |  15 | 1449.1 |
          Lair |   9922 |   8886 |   1036 |   1802 |   5686 |   5 | 1984.4 |
        Shoals |   3387 |   3170 |    217 |    132 |   1862 |   4 |  846.8 |
   Spider Nest |   3672 |   3199 |    473 |    475 |   1223 |   4 |  918.0 |
    Slime Pits |    474 |    318 |    156 |      0 |    138 |   5 |   94.8 |
  Orcish Mines |   2046 |   1695 |    351 |    235 |    943 |   2 | 1023.0 |
   Elven Halls |   3705 |   3531 |    174 |    291 |   2066 |   3 | 1235.0 |
        Vaults |   7512 |   6910 |    602 |    425 |   4345 |   5 | 1502.4 |
         Crypt |    487 |    377 |    110 |      0 |      0 |   3 |  162.3 |
        Depths |   2161 |   1729 |    432 |     85 |    706 |   4 |  540.2 |
           Zot |    893 |    857 |     36 |      0 |      0 |   5 |  178.6 |
        Bailey |    624 |    624 |      0 |    258 |    159 |   1 |  624.0 |
        Wizlab |    240 |    240 |      0 |     10 |      0 |   1 |  240.0 |
    Desolation |    711 |    711 |      0 |     32 |    237 |   1 |  711.0 |
               +--------+--------+--------+--------+--------+-----+--------+

Top non-repeatable levels by time:
  Lair:5: 2472 daAuts
     D:9: 2466 daAuts
  Lair:3: 2306 daAuts
  Lair:1: 1983 daAuts
    D:11: 1910 daAuts
  Lair:2: 1725 daAuts
    D:14: 1724 daAuts
     D:2: 1716 daAuts
Vaults:1: 1715 daAuts
     D:6: 1696 daAuts
    D:12: 1686 daAuts
     D:5: 1675 daAuts
Vaults:5: 1654 daAuts
     D:7: 1641 daAuts
Depths:1: 1517 daAuts
